Workbook

Sheet projektu_pagarinājumi
M1: 2. pielikums Informatīvajam ziņojumam "Informatīvais ziņojums par Kohēzijas politikas Eiropas Savienības fondu investīciju aktualitātēm līdz 2022. gada 1. februārim (pusgada ziņojums)" | N1: IZM | O1: =COUNTIF($N$8:$N$21,N1) -> 6
A2: Finansējuma saņēmēju priekšlikumi projektu ieviešanas termiņu pagarinājumiem ES fondu 2014.-2020. gada plānošanas perioda darbības programmas ietvaros | N2: EM | O2: =COUNTIF($N$8:$N$20,N2) -> 3
A3: Sagatavots 16.02.2022. | N3: VARAM | O3: =COUNTIF($N$8:$N$20,N3) -> 2
O4: =COUNTIF($N$8:$N$20,N4) -> 0
A5: Nr.p.k. | B5: Specifiskā atbalsta mērķis | C5: Projekta Nr. | D5: Projekta nosaukums (Projekta Nr.) | E5: Finansējuma saņēmējs | F5: Projekta līguma attiecināmās izmaksas EUR | G5: t.sk. ES fondi EUR | H5: Projektā līdz 14.01.2022 veiktie maksājumi % | J5: Projekta līguma datums | K5: Projekta ieviešanas beigu datums | M5: Atbildīgo iestāžu priekšlikumi MK lēmumam: Saskaņā ar MK 2014. gada 16. decembra noteikumu Nr. 784 51.4.7. apakšpunktu atbalstīt atsevišķu izņēmuma gadījumu piemērošanu un atļaut Centrālajai finanšu un līgumu aģentūrai (CFLA) pagarināt projektu īstenošanas termiņus vairāk kā par sešiem mēnešiem, nepārsniedzot plānošanas dokumentos definēto. | N5: KM | O5: =COUNTIF($N$8:$N$20,N5) -> 2
K6: Aktuālais | L6: Plānotais
A7: 1 | B7: 2 | C7: 1 | D7: 3 | E7: 4 | F7: 6 | G7: 6.1. | H7: 7 | I7: 5 | J7: 9 | K7: 6 | L7: 7 | M7: 8 | N7: a | O7: b
A8: 1 | B8: =VLOOKUP(C8,'IPIA_termiņu pagrinājumiem'!A:AD,8,0) -> 8.1.2 | C8: 8.1.2.0/17/I/009 | D8: =VLOOKUP(C8,'IPIA_termiņu pagrinājumiem'!A:AA,2,0)& " (" &C8&")" -> Cēsu novada vispārējo izglītības iestāžu modernizācija (8.1.2.0/17/I/009) | E8: =VLOOKUP(C8,'IPIA_termiņu pagrinājumiem'!A:AD,9,0) -> Cēsu novada pašvaldība | F8: =VLOOKUP(C8,'IPIA_termiņu pagrinājumiem'!A:AD,10,0) -> 6583686.2 | G8: =VLOOKUP(C8,'IPIA_termiņu pagrinājumiem'!A:AD,12,0) -> 4629192.3 | H8: =VLOOKUP(C8,'IPIA_termiņu pagrinājumiem'!A:AD,11,0) -> 3851995.7 | I8: =H8/F8 -> 0.58508191 | J8: =VLOOKUP(C8,'IPIA_termiņu pagrinājumiem'!A:AD,3,0) -> 43116 | K8: =VLOOKUP(C8,'IPIA_termiņu pagrinājumiem'!A:AB,5,0) -> 44742 | L8: 45291 | M8: Izglītības un zinātnes ministrija rosina pagarināt termiņu. CFLA termiņa pagarinājuma pamatojums pēc būtības: "Projekta ietvaros pie Cēsu Valsts ģimnāzijas bija plānots uzbūvēt reģionālo metodisko centru (RMC) un skolas cokolstāvā izbūvēt dabaszinību kabinetus. Projektēšanas gaitā konstatēts, ka kopējās paredzamās izmaksas gandrīz divas reizes pārsniedz finansējuma saņēmēja iespējas. Līdz ar to plānotās jaunbūves metodiskajam centram vietā iecerēts veikt skolas pilna apjoma pārbūvi, nodrošinot pilnu pabeigtību, tai skaitā paredzot arī multifunkcionālas telpas izveidi RMC vajadzībām. Ņemot vērā, ka aktivitātes īstenošana ir krietni aizkavējusies, t.i., 31.03.2021. tika lauzts līgums ar SIA "REM PRO" par būvprojekta izstrādi un autoruzraudzību dēļ būtiska termiņa kavējuma, 18.10.2021. tika pārtraukts atkārtoti izsludinātais iepirkums par būvprojekta izstrādi un autoruzraudzību nepietiekama finansējuma un risinājuma maiņas dēļ un 01.01.2022. ir izsludināts jauns apvienotais iepirkums par būvprojekta izstrādi, būvdarbiem un autoruzraudzību, projektam nepieciešams termiņa pagarinājums līdz 31.12.2023." | N8: IZM | O8: =VLOOKUP(N8,$N$1:$O$5,2,0) -> 6
A9: 2 | B9: =VLOOKUP(C9,'IPIA_termiņu pagrinājumiem'!A:AD,8,0) -> 8.1.2 | C9: 8.1.2.0/18/I/006 | D9: =VLOOKUP(C9,'IPIA_termiņu pagrinājumiem'!A:AA,2,0)& " (" &C9&")" -> Jūrmalas pilsētas vispārējās vidējās izglītības iestāžu infrastruktūras pilnveide (8.1.2.0/18/I/006) | E9: =VLOOKUP(C9,'IPIA_termiņu pagrinājumiem'!A:AD,9,0) -> Jūrmalas valstspilsētas administrācija | F9: =VLOOKUP(C9,'IPIA_termiņu pagrinājumiem'!A:AD,10,0) -> 7613710.6 | G9: =VLOOKUP(C9,'IPIA_termiņu pagrinājumiem'!A:AD,12,0) -> 6471654 | H9: =VLOOKUP(C9,'IPIA_termiņu pagrinājumiem'!A:AD,11,0) -> 4936495.8 | I9: =H9/F9 -> 0.64836925 | J9: =VLOOKUP(C9,'IPIA_termiņu pagrinājumiem'!A:AD,3,0) -> 43530 | K9: =VLOOKUP(C9,'IPIA_termiņu pagrinājumiem'!A:AB,5,0) -> 44711 | L9: 45291 | M9: Izglītības un zinātnes ministrija rosina pagarināt termiņu. CFLA termiņa pagarinājuma pamatojums pēc būtības: "Projekta īstenošanas termiņa pagarinājums nepieciešams, jo nekvalitatīva būvprojekta dēļ ir jāveic papildus būvdarbi, kas sākotnēji netika plānoti un projekta īstenošanas laikā nepieciešams izstrādāt jaunus risinājumus. Papildus finansējuma saņēmējs informējis, ka Covid -19 ietekmē kavējusies preču piegāde. Ņemot vērā, ka projekta īstenošanas termiņa pagarinājuma nepieciešamību izraisījusi gan finansējuma saņēmēja nepietiekama rīcība, gan Covid - 19 ietekme." | N9: IZM | O9: =VLOOKUP(N9,$N$1:$O$5,2,0) -> 6
A10: 3 | B10: =VLOOKUP(C10,'IPIA_termiņu pagrinājumiem'!A:AD,8,0) -> 8.2.1 | C10: 8.2.1.0/18/I/006 | D10: =VLOOKUP(C10,'IPIA_termiņu pagrinājumiem'!A:AA,2,0)& " (" &C10&")" -> Latvijas Sporta pedagoģijas akadēmijas pedagogu izglītības studiju programmu fragmentācijas samazināšana un resursu koplietošanas stiprināšana (8.2.1.0/18/I/006) | E10: =VLOOKUP(C10,'IPIA_termiņu pagrinājumiem'!A:AD,9,0) -> LATVIJAS SPORTA PEDAGOĢIJAS AKADĒMIJA | F10: =VLOOKUP(C10,'IPIA_termiņu pagrinājumiem'!A:AD,10,0) -> 305561 | G10: =VLOOKUP(C10,'IPIA_termiņu pagrinājumiem'!A:AD,12,0) -> 0 | H10: =VLOOKUP(C10,'IPIA_termiņu pagrinājumiem'!A:AD,11,0) -> 305561 | I10: =H10/F10 -> 1 | J10: =VLOOKUP(C10,'IPIA_termiņu pagrinājumiem'!A:AD,3,0) -> 43369 | K10: =VLOOKUP(C10,'IPIA_termiņu pagrinājumiem'!A:AB,5,0) -> 44926 | L10: 45260 | M10: Izglītības un zinātnes ministrijas (IZM) termiņa pagarinājuma pamatojums pēc būtības: "Projekta īstenošanas termiņa pagarinājums nepieciešams, lai sasniegtu projekta mērķi un plānotos rezultātus, tai skaitā aprobētu un akreditētu projektā izstrādātās studiju programmas. Finansējuma saņēmējam nebija iespējas iekļauties sākotnēji plānotajā darbību īstenošanas laika grafikā, jo uz studiju programmas sagatavošanas brīdī nebija pieejams attiecīgais tiesiskais regulējums, kas nepieciešams studiju programmas izstrādei. Projekta īstenošanu būtiski skāra arī valstī noteiktie epidemioloģiskie drošības pasākumi, kas noteikti vīrusa Covid-19 infekcijas izplatības ierobežošanas nolūkos." | N10: IZM | O10: =VLOOKUP(N10,$N$1:$O$5,2,0) -> 6
A11: 4 | B11: =VLOOKUP(C11,'IPIA_termiņu pagrinājumiem'!A:AD,8,0) -> 8.2.1 | C11: 8.2.1.0/18/A/020 | D11: =VLOOKUP(C11,'IPIA_termiņu pagrinājumiem'!A:AA,2,0)& " (" &C11&")" -> Latvijas Sporta pedagoģijas akadēmijas inovatīva, pētniecībā balstīta starptautiskā starpaugstkolu kopīgā doktora studiju programma «Sporta zinātne» (8.2.1.0/18/A/020) | E11: =VLOOKUP(C11,'IPIA_termiņu pagrinājumiem'!A:AD,9,0) -> LATVIJAS SPORTA PEDAGOĢIJAS AKADĒMIJA | F11: =VLOOKUP(C11,'IPIA_termiņu pagrinājumiem'!A:AD,10,0) -> 100000 | G11: =VLOOKUP(C11,'IPIA_termiņu pagrinājumiem'!A:AD,12,0) -> 0 | H11: =VLOOKUP(C11,'IPIA_termiņu pagrinājumiem'!A:AD,11,0) -> 73203.26 | I11: =H11/F11 -> 0.7320326 | J11: =VLOOKUP(C11,'IPIA_termiņu pagrinājumiem'!A:AD,3,0) -> 43587 | K11: =VLOOKUP(C11,'IPIA_termiņu pagrinājumiem'!A:AB,5,0) -> 44865 | L11: 45260 | M11: Izglītības un zinātnes ministrijas (IZM) termiņa pagarinājuma pamatojums pēc būtības: "Projekta īstenošanas termiņa pagarinājums nepieciešams, lai sasniegtu projekta mērķi un plānotos rezultātus, tai skaitā aprobētu un akreditētu projektā izstrādāto starptautisko starpvalstu kopīgo doktora studiju programmu. Finansējuma saņēmējam nebija iespējas iekļauties sākotnēji plānotajā darbību īstenošanas laika grafikā, tā kā projekta īstenošanu iepriekš plānotajā laika grafikā apgrūtināja vienas partnerinstitūcijas – Tartu Universitātes – atteikšanās no sākotnējā nodoma, piedalīties kopīgās doktora studiju programmas īstenošanā, kas tai skaitā kavēja dokumentu apriti sadarbības partneru starpā. Vienlaikus projekta darbību īstenošanu noteiktā termiņā kavēja Covid-19 pandēmijas apstākļi, kā rezultātā radās neparedzami šķēršļi projekta administrēšanā, cilvēkresursu kapacitātes problēmas, personālam saskaroties ar slimību, kā arī projekta vadības komandas sastāva izmaiņas." | N11: IZM | O11: =VLOOKUP(N11,$N$1:$O$5,2,0) -> 6
A12: 5 | B12: =VLOOKUP(C12,'IPIA_termiņu pagrinājumiem'!A:AD,8,0) -> 8.2.2 | C12: 8.2.2.0/18/A/014 | D12: =VLOOKUP(C12,'IPIA_termiņu pagrinājumiem'!A:AA,2,0)& " (" &C12&")" -> LLU akadēmiskā personāla pilnveidošana (8.2.2.0/18/A/014) | E12: =VLOOKUP(C12,'IPIA_termiņu pagrinājumiem'!A:AD,9,0) -> LATVIJAS LAUKSAIMNIECĪBAS UNIVERSITĀTE | F12: =VLOOKUP(C12,'IPIA_termiņu pagrinājumiem'!A:AD,10,0) -> 1584388.8 | G12: =VLOOKUP(C12,'IPIA_termiņu pagrinājumiem'!A:AD,12,0) -> 0 | H12: =VLOOKUP(C12,'IPIA_termiņu pagrinājumiem'!A:AD,11,0) -> 1222586 | I12: =H12/F12 -> 0.77164516 | J12: =VLOOKUP(C12,'IPIA_termiņu pagrinājumiem'!A:AD,3,0) -> 43399 | K12: =VLOOKUP(C12,'IPIA_termiņu pagrinājumiem'!A:AB,5,0) -> 44742 | L12: 44804 | M12: Izglītības un zinātnes ministrijas (IZM) termiņa pagarinājuma pamatojums pēc būtības: "Pagarināt projekta īstenošanas termiņu par 2 mēnešiem. Pamatojums: projekta īstenošanas termiņa pagarinājums nepieciešams, lai sasniegtu projekta mērķi un plānotos rezultatīvos rezultātus. Finansējuma saņēmēja skaidrojums: lai arī projekta ietvaros visu laiku notikusi aktīva komunikācija ar studiju virzienu vadītājiem, lai varētu piesaistīt gan plānotos doktorantus- vieslektorus, gan ārvalstu viesprofesorus, 2020.gada vasarā/rudenī neizdevās piesaistīt nepieciešamo doktorantu skaitu. Interese no potenciālajiem doktorantiem nepietiekoša, kā arī sākotnēji plānotajā darbību īstenošanas laika grafiku ietekmējusi arī valstī noteiktie epidemioloģiskie drošības pasākumi. Kā rezultātā jauni vakanču konkursi tika izsludināti 2021.pavasarī, uz kuriem pieteicās kandidāti un pavasarī notika kandidātu izvērtēšana fakultāšu Domes sēdēs. Lai arī vairākas kandidatūras tika apstiprinātas līdz 31.06.2021, līgumus nebija iespējams slēgt studiju procesa organizatorisko nosacījumu dēļ. Lai līgums būtu jēgpilns, darba attiecības tiek uzsāktas studiju gada vai sesijas sākumā. Bet, slēdzot darba līgumus ar piesaistītajiem doktorantiem, bija jāņem vērā studiju organizācijas procesa nosacījumi un SAM MK noteikumu nosacījums, ka līgumi ar doktorantiem jāslēdz vismaz uz 12 mēnešiem. Tas nozīmē, ka doktoranti-vieslektori ir atbildīgi par konkrētu studiju kursu norisi divu sesiju laikā un darbu uzsāk rudens vai pavasara sesijas sākumā. Tas ir 1.septembris vai 1.februāris. Turklāt jāņem vērā arī nosacījums, ka pedagogu slodzes tiek plānotas uz gadu - kas nozīmē, ka pavasara sesijā doktorants var uzsākt darbu tikai tad, ja tajā brīdī atbrīvojas kāda vakance. Ja ar doktorantiem noslēgtu līgumu 2021.gada pavasarī, tas nozīmē, ka viņiem būtu jāmaksā alga no līguma noslēgšanas brīža, bet reālu darbu viņi līdz studiju gada sākumam, neveiktu. Līgumi ar doktorantiem tika noslēgti ar 2021.gada augustā un ņemot vērā SAM MK noteikumu nosacījumus, tie noslēgti uz 12 mēnešiem. Projektā aktīvi turpinās darbs pie ārvalstu viesprofesora piesaistes. Līdz šim ir izdevies noslēgt darba līgumus tikai ar 14 ārvalstu viesprofesoriem plānoto 21 vietā. Tā kā viesprofesoru iesaistes laiks atbilstoši SAM nosacījumiem ir vismaz 6 mēneši, tad projekta termiņa pagarinājums būtu iespēja mēģināt nodrošināt arī šo rādītāju izpildi. Pašreiz vairāku valstu docētāji ir izrādījuši interesi par sadarbību un projekta piedāvātajām iespējām. Ņemot vērā to, ka ārvalstu pasniedzēju un doktorantu piesaiste ir viens no nozīmīgākajiem projekta devumiem LLU akadēmiskā personāla attīstībā un pilnveidē, lūdzam projekta pagarinājumu par 2 mēnešiem." | N12: IZM | O12: =VLOOKUP(N12,$N$1:$O$5,2,0) -> 6
A13: 6 | B13: =VLOOKUP(C13,'IPIA_termiņu pagrinājumiem'!A:AD,8,0) -> 8.2.3 | C13: 8.2.3.0/18/A/004 | D13: =VLOOKUP(C13,'IPIA_termiņu pagrinājumiem'!A:AA,2,0)& " (" &C13&")" -> Latvijas Jūras akadēmijas e-studiju un pārvaldības procesu atbalsta IKT platforma (8.2.3.0/18/A/004) | E13: =VLOOKUP(C13,'IPIA_termiņu pagrinājumiem'!A:AD,9,0) -> LATVIJAS JŪRAS AKADĒMIJA | F13: =VLOOKUP(C13,'IPIA_termiņu pagrinājumiem'!A:AD,10,0) -> 345900 | G13: =VLOOKUP(C13,'IPIA_termiņu pagrinājumiem'!A:AD,12,0) -> 0 | H13: =VLOOKUP(C13,'IPIA_termiņu pagrinājumiem'!A:AD,11,0) -> 223440.18 | I13: =H13/F13 -> 0.64596756 | J13: =VLOOKUP(C13,'IPIA_termiņu pagrinājumiem'!A:AD,3,0) -> 43416 | K13: =VLOOKUP(C13,'IPIA_termiņu pagrinājumiem'!A:AB,5,0) -> 44651 | L13: 44834 | M13: Izglītības un zinātnes ministrijas (IZM) termiņa pagarinājuma pamatojums pēc būtības: "Izglītības un zinātnes ministrija rosina pagarināt projekta īstenošanas termiņu pie nosacījuma, ka tiek gūta pārliecība par projekta rezultātu ilgtspēju. Projekta termiņa pagarinājums būtu nepieciešams, jo aizkavējusies atsevišķu projektā plānoto darbību īstenošana, kā arī apstiprināšanai MK tiek virzīts rīkojums par Latvijas Jūras akadēmijas reorganizāciju, to pievienojot Rīgas Tehniskajai universitātei. Augstākās izglītības institūciju konsolidācija ir radījusi nepieciešamību 8.2.3.SAM projektā izstrādāto e-risinājumu savstarpējai savietošanai." | N13: IZM | O13: =VLOOKUP(N13,$N$1:$O$5,2,0) -> 6
A14: 7 | B14: =VLOOKUP(C14,'IPIA_termiņu pagrinājumiem'!A:AD,8,0) -> 1.2.1 | C14: 1.2.1.4/16/A/040 | D14: =VLOOKUP(C14,'IPIA_termiņu pagrinājumiem'!A:AA,2,0)& " (" &C14&")" -> Jauna SIA "iCotton" produktivitātes un konkurētspējas paaugstināšana, ieviešot ražošanā jaunu produktu un eksperimentālu tehnoloģiju, kā arī palielinot ieguldījumus P&A un inovācijās atbilstoši Viedās specializācijas stratēģijai (1.2.1.4/16/A/040) | E14: =VLOOKUP(C14,'IPIA_termiņu pagrinājumiem'!A:AD,9,0) -> Sabiedrība ar ierobežotu atbildību "iCotton" | F14: =VLOOKUP(C14,'IPIA_termiņu pagrinājumiem'!A:AD,10,0) -> 11480000 | G14: =VLOOKUP(C14,'IPIA_termiņu pagrinājumiem'!A:AD,12,0) -> 3999632 | H14: =VLOOKUP(C14,'IPIA_termiņu pagrinājumiem'!A:AD,11,0) -> 5700000 | I14: =H14/F14 -> 0.49651568 | J14: =VLOOKUP(C14,'IPIA_termiņu pagrinājumiem'!A:AD,3,0) -> 42934 | K14: =VLOOKUP(C14,'IPIA_termiņu pagrinājumiem'!A:AB,5,0) -> 44651 | L14: 45291 | M14: Ekonomikas ministrija rosina pagarināt termiņu. CFLA termiņa pagarinājuma pamatojums pēc būtības: "Projekta īstenošanas termiņa pagarinājums nepieciešams, jo finasējuma saņēmējs pieņēmis lēmumu veikt investīcijas citās tehnoloģiskajās iekārtās nekā iepriekš plānots. Šobrīd tiek gatavotas tehniskās specifikācijas, lai izsludinātu jaunu iepirkuma procedūru." | N14: EM | O14: =VLOOKUP(N14,$N$1:$O$5,2,0) -> 3
A15: 8 | B15: =VLOOKUP(C15,'IPIA_termiņu pagrinājumiem'!A:AD,8,0) -> 3.1.1 | C15: 3.1.1.5/19/A/013 | D15: =VLOOKUP(C15,'IPIA_termiņu pagrinājumiem'!A:AA,2,0)& " (" &C15&")" -> Jaunu ražošanas ēku būvniecība uzņēmumā SIA “Haugaard Baltic” (3.1.1.5/19/A/013) | E15: =VLOOKUP(C15,'IPIA_termiņu pagrinājumiem'!A:AD,9,0) -> Haugaard Baltic SIA | F15: =VLOOKUP(C15,'IPIA_termiņu pagrinājumiem'!A:AD,10,0) -> 3332650.3 | G15: =VLOOKUP(C15,'IPIA_termiņu pagrinājumiem'!A:AD,12,0) -> 1499692.6 | H15: =VLOOKUP(C15,'IPIA_termiņu pagrinājumiem'!A:AD,11,0) -> 0 | I15: =H15/F15 -> 0 | J15: =VLOOKUP(C15,'IPIA_termiņu pagrinājumiem'!A:AD,3,0) -> 43958 | K15: =VLOOKUP(C15,'IPIA_termiņu pagrinājumiem'!A:AB,5,0) -> 44932 | L15: 45290 | M15: Ekonomikas ministrija rosina pagarināt termiņu. CFLA termiņa pagarinājuma pamatojums pēc būtības: " 1) Ārkārtas situācija saistībā ar Covid-19 būtiski ietekmējusi visu projektā iesaistīto pušu darba un lēmumu pieņemšanas grafiku. Sākotnējā būvniecības projekta izstrāde ir aizņēmusi ievērojami ilgāku laiku nekā plānots, kas aizkavējusi iepirkuma izsludināšanas termiņu un projekta realizāciju kopumā. 2) 2022. gada aprīlī izsludināta iepirkuma procedūra. Lēmums iepirkumam nav pieņemts, jo sarunu procedūras ietvaros secināts, ka novērojams straujš būvniecības materiālu cenu pieaugums (30% un vairāk), kā arī ierobežota to pieejamība. Būtiskāko sadārdzinājumu veido metāla cenu kāpums. Projekta ietvaros metāla konstrukciju izmaksu īpatsvars sastāda aptuveni trešo daļu no kopējām būvniecības izmaksām, līdz ar to esošais cenu pieaugums būtiski sadārdzina projekta izmaksas, kā arī materiālu pieejamības deficīta dēļ pastāv augsts risks neīstenot projektu noteiktajā termiņā." | N15: EM | O15: =VLOOKUP(N15,$N$1:$O$5,2,0) -> 3
A16: 9 | B16: =VLOOKUP(C16,'IPIA_termiņu pagrinājumiem'!A:AD,8,0) -> 3.1.1 | C16: 3.1.1.5/19/A/049 | D16: =VLOOKUP(C16,'IPIA_termiņu pagrinājumiem'!A:AA,2,0)& " (" &C16&")" -> Scan-Plast Latvia ražotnes paplašināšana (3.1.1.5/19/A/049) | E16: =VLOOKUP(C16,'IPIA_termiņu pagrinājumiem'!A:AD,9,0) -> "Scan-Plast Latvia" LSEZ SIA | F16: =VLOOKUP(C16,'IPIA_termiņu pagrinājumiem'!A:AD,10,0) -> 3037672.2 | G16: =VLOOKUP(C16,'IPIA_termiņu pagrinājumiem'!A:AD,12,0) -> 1366952.5 | H16: =VLOOKUP(C16,'IPIA_termiņu pagrinājumiem'!A:AD,11,0) -> 0 | I16: =H16/F16 -> 0 | J16: =VLOOKUP(C16,'IPIA_termiņu pagrinājumiem'!A:AD,3,0) -> 43951 | K16: =VLOOKUP(C16,'IPIA_termiņu pagrinājumiem'!A:AB,5,0) -> 44924 | L16: 31.12.2023 | M16: Ekonomikas ministrija rosina pagarināt termiņu. CFLA termiņa pagarinājuma pamatojums pēc būtības: "Projekta īstenošanas termiņa pagarinājums nepieciešams, jo straujais būvniecības materiālu cenu pieaugums, ierobežotā būvmateriālu pieejamība, vairākkārtēju izmaiņu veikšana projektēšanā, kā arī Covid-19 radītā ietekme būvprojektu (2 gb.) izstrādē ir aizņēmusi ilgāku laiku nekā plānots." | N16: EM | O16: =VLOOKUP(N16,$N$1:$O$5,2,0) -> 3
A17: 10 | B17: =VLOOKUP(C17,'IPIA_termiņu pagrinājumiem'!A:AD,8,0) -> 5.5.1 | C17: 5.5.1.0/17/I/006 | D17: =VLOOKUP(C17,'IPIA_termiņu pagrinājumiem'!A:AA,2,0)& " (" &C17&")" -> „Vidzemes piekrastes kultūras un dabas mantojuma iekļaušana tūrisma pakalpojumu izveidē un attīstībā – “Saviļņojošā Vidzeme”” (5.5.1.0/17/I/006) | E17: =VLOOKUP(C17,'IPIA_termiņu pagrinājumiem'!A:AD,9,0) -> Ādažu novada pašvaldība | F17: =VLOOKUP(C17,'IPIA_termiņu pagrinājumiem'!A:AD,10,0) -> 2979374.1 | G17: =VLOOKUP(C17,'IPIA_termiņu pagrinājumiem'!A:AD,12,0) -> 2532468 | H17: =VLOOKUP(C17,'IPIA_termiņu pagrinājumiem'!A:AD,11,0) -> 2641965.5 | I17: =H17/F17 -> 0.88675186 | J17: =VLOOKUP(C17,'IPIA_termiņu pagrinājumiem'!A:AD,3,0) -> 43280 | K17: =VLOOKUP(C17,'IPIA_termiņu pagrinājumiem'!A:AB,5,0) -> 44551 | L17: 44855 | M17: Kultūras ministrija rosina pagarināt termiņu. CFLA termiņa pagarinājuma pamatojums pēc būtības: "Projekta īstenošanas termiņa pagarinājums nepieciešams, lai nodrošinātu iepirkuma izsludināšanu, būvdarbu veikšanu un organizētu objekta nodošanu ekspluatācijā." | N17: KM | O17: =VLOOKUP(N17,$N$1:$O$5,2,0) -> 2
A18: 11 | B18: =VLOOKUP(C18,'IPIA_termiņu pagrinājumiem'!A:AD,8,0) -> 5.5.1 | C18: 5.5.1.0/20/I/004 | D18: =VLOOKUP(C18,'IPIA_termiņu pagrinājumiem'!A:AA,2,0)& " (" &C18&")" -> Latviešu strēlnieku laukuma atjaunošana (5.5.1.0/20/I/004) | E18: =VLOOKUP(C18,'IPIA_termiņu pagrinājumiem'!A:AD,9,0) -> Valsts akciju sabiedrība "Valsts nekustamie īpašumi" | F18: =VLOOKUP(C18,'IPIA_termiņu pagrinājumiem'!A:AD,10,0) -> 869672.94 | G18: =VLOOKUP(C18,'IPIA_termiņu pagrinājumiem'!A:AD,12,0) -> 739222 | H18: =VLOOKUP(C18,'IPIA_termiņu pagrinājumiem'!A:AD,11,0) -> 551276.8 | I18: =H18/F18 -> 0.63388979 | J18: =VLOOKUP(C18,'IPIA_termiņu pagrinājumiem'!A:AD,3,0) -> 44193 | K18: 44678 | L18: 45196 | M18: Kultūras ministrijas (KM) termiņa pagarinājuma pamatojums pēc būtības: "Projekta īstenošanas termiņa pagarinājums nepieciešams, lai veicinātu projekta mērķu sasniegšanu: nodrošinātu Latviešu strēlnieku laukuma 3.daļas iepirkuma izsludināšanu projektēšanai, būvdarbiem, būvdarbu veikšanu un organizētu objekta nodošanu ekspluatācijā." | N18: KM | O18: =VLOOKUP(N18,$N$1:$O$5,2,0) -> 2
A19: 12 | B19: =VLOOKUP(C19,'IPIA_termiņu pagrinājumiem'!A:AD,8,0) -> 5.1.1 | C19: 5.1.1.0/17/I/008 | D19: =VLOOKUP(C19,'IPIA_termiņu pagrinājumiem'!A:AA,2,0)& " (" &C19&")" -> Lielupes radīto plūdu un krasta erozijas risku apdraudējumu novēršanas pasākumi Dubultos–Majoros–Dzintaros (5.1.1.0/17/I/008) | E19: =VLOOKUP(C19,'IPIA_termiņu pagrinājumiem'!A:AD,9,0) -> Jūrmalas valstspilsētas administrācija | F19: =VLOOKUP(C19,'IPIA_termiņu pagrinājumiem'!A:AD,10,0) -> 4641252.1 | G19: =VLOOKUP(C19,'IPIA_termiņu pagrinājumiem'!A:AD,12,0) -> 3230000 | H19: =VLOOKUP(C19,'IPIA_termiņu pagrinājumiem'!A:AD,11,0) -> 1743537.3 | I19: =H19/F19 -> 0.37566098 | J19: =VLOOKUP(C19,'IPIA_termiņu pagrinājumiem'!A:AD,3,0) -> 43347 | K19: =VLOOKUP(C19,'IPIA_termiņu pagrinājumiem'!A:AB,5,0) -> 44715 | L19: 45260 | M19: Vides aizsardzības un reģionālās attīstības ministrijas (VARAM) termiņa pagarinājuma pamatojums pēc būtības: "Projekta mērķis ir izbūvēt un atjaunot Lielupes kreisā krasta pretplūdu būves, lai pielāgotu plūdu risku skartās teritorijas pilsētā klimata pārmaiņām, nodrošinot pašvaldības iedzīvotājiem kvalitatīvāku dzīves vidi, kā arī palielinātu saimnieciskās darbības konkurētspēju un turpmāku pastāvēšanu. Projektam paredzama būtiska ietekme, lai sekmētu ES Stratēģijas Baltijas jūras reģionam definēto mērķu izpildi, samazinot iespēju piesārņojuma izplatībai no Jūrmalas pilsētas plūdu risku skartajām teritorijām Baltijas jūrā, t.sk. atbilst Lielupes upju baseina apgabala plūdu riska pārvaldības plāna 2016.-2021. gadam prioritātēm. Vienlaikus projekts veicina SAM 5.1.1. iznākuma rādītāju sasniegšanu, uzlabojot 30 250 iedzīvotāju dzīves kvalitāti un samazinot 4 piesārņotu vietu aplūšanas riskus Jūrmalas pilsētā. Projekta īstenošanas termiņa pagarinājums atbalstāms, jo: 1) 2021.gadā uzsāktā būvprojekta realizācija tika aizkavēta saņemto iedzīvotāju pretenziju dēļ, kurās tika pieprasītas būvprojekta izmaiņas, lai saglabātu kokus un izbūvētu papildu kāpnes un laivu novietnes; 2) balstoties uz sabiedrības interesēm, finansējuma saņēmējs rīkoja vairākas tikšanās ar iedzīvotājiem, kā rezultātā veikti būvprojekta izmaiņu risinājumi, kuros ņemti vērā iedzīvotāju priekšlikumi, padarot būvprojektā paredzēto inženierbūvi iedzīvotājiem pieejamāku; 3) ņemot vērā izmaiņas būvprojektā, saņemta Valsts vides dienesta vēstule, kurā norādīts, ka iedzīvotāju priekšlikumu iestrādes būvprojekta risinājumos dēļ nepieciešams veikt ietekmes uz vidi sākotnējo izvērtējumu. Attiecīgi būvdarbu izpilde ir apturēta līdz Valsts vides dienesta saskaņojuma saņemšanas; 4) vienlaikus būvprojektā noteikti dažādu sugu zivju nārstu ierobežojuma periodi, kas liedz veikt ar ūdensteces gultni saistītus būvdarbus, ievērojami samazinot būvdarbu reālo veikšanas periodu." | N19: VARAM | O19: 2
A20: 13 | B20: =VLOOKUP(C20,'IPIA_termiņu pagrinājumiem'!A:AD,8,0) -> 5.2.1 | C20: 5.2.1.2/17/A/003 | D20: =VLOOKUP(C20,'IPIA_termiņu pagrinājumiem'!A:AA,2,0)& " (" &C20&")" -> AS “PET Baltija” polimēru pārstrādes parks (5.2.1.2/17/A/003) | E20: =VLOOKUP(C20,'IPIA_termiņu pagrinājumiem'!A:AD,9,0) -> Akciju sabiedrība "PET Baltija" | F20: =VLOOKUP(C20,'IPIA_termiņu pagrinājumiem'!A:AD,10,0) -> 2816137.8 | G20: =VLOOKUP(C20,'IPIA_termiņu pagrinājumiem'!A:AD,12,0) -> 0 | H20: =VLOOKUP(C20,'IPIA_termiņu pagrinājumiem'!A:AD,11,0) -> 0 | I20: =H20/F20 -> 0 | J20: =VLOOKUP(C20,'IPIA_termiņu pagrinājumiem'!A:AD,3,0) -> 43108 | K20: =VLOOKUP(C20,'IPIA_termiņu pagrinājumiem'!A:AB,5,0) -> 44568 | L20: 45291 | M20: Vides aizsardzības un reģionālās attīstības ministrijas (VARAM) termiņa pagarinājuma pamatojums pēc būtības: "Atbalstīt atsevišķa izņēmuma gadījuma piemērošanu un CFLA priekšlikumu pagarināt projekta īstenošanas termiņu vairāk kā par sešiem mēnešiem, nepārsniedzot plānošanas dokumentos nodefinēto. Projekta mērķis ir izveidot polimēru atkritumu pārstrādes kompleksu, lai pārstrādātu polimēru (plastmasas) atkritumus. Projektam paredzama būtiska ietekme, lai sekmētu Poligonu direktīvā un Aprites ekonomikas pakotnē, kā arī nacionālajos tiesību aktos noteikto mērķu izpildi attiecībā uz sadzīves atkritumu dalīto vākšanu, pārstrādi un poligonos apglabājamo atkritumu apjoma samazināšanu, jo īpaši attiecībā uz plastmasu (piem., 2030.gadā jāsasniedz kopējā izlietotā iepakojuma pārstrāde 70% apmērā, t.sk. plastmasas pārstrāde 55% apmērā no radītā atkritumu apjoma). Vienlaikus projekts veicina SAMP 5.2.1.2. iznākuma rādītāja sasniegšanu, nodrošinot atkritumu pārstrādes jaudas pieaugumu par 5818 tonnām/gadā. Projekta īstenošanas termiņa pagarinājums atbalstāms, jo: 1) uzņēmumu grupas veiktā īpašnieku maiņas procesa ietvaros, kas tika uzsākts 2018.gadā un ir vērtējams kā ārējais apstāklis, rezultātā uz laiku tika apturēti investīciju projekti, t.sk. konkrētais projekts; 2) 2020.gada jūnijā, pēc īpašnieku maiņas procesa noslēgšanās, uzsākta projekta īstenošanai piemērota zemes gabala meklēšana, kā rezultātā 2021.gada beigās noslēgts zemes nomas līgums, kas ir priekšnosacījums projekta darbību veikšanai; 3) finansējuma saņēmējs norāda, ka ir apzinājis iespējas līdz 2023.gada beigām iegādāties, piegādāt, uzstādīt un uzsākt ražošanu, aptaujājot vairākus iekārtu piegādātājus, kas apstiprināja, ka iekārtu piegāde plānotajā laikā ir iespējama, ja līgums par iekārtu piegādi tiek noslēgts līdz 2022.gada jūnijam." | N20: VARAM | O20: =VLOOKUP(N20,$N$1:$O$5,2,0) -> 2
A21: 14 | B21: =VLOOKUP(C21,'IPIA_termiņu pagrinājumiem'!A:AD,8,0) -> 5.6.1 | C21: 5.6.1.0/17/I/001 | D21: =VLOOKUP(C21,'IPIA_termiņu pagrinājumiem'!A:AA,2,0)& " (" &C21&")" -> Kultūras un sporta kvartāla izveide Grīziņkalna apkaimē (5.6.1.0/17/I/001) | E21: =VLOOKUP(C21,'IPIA_termiņu pagrinājumiem'!A:AD,9,0) -> Valsts sabiedrība ar ierobežotu atbildību "Kultūras un sporta centrs "Daugavas stadions"" | F21: =VLOOKUP(C21,'IPIA_termiņu pagrinājumiem'!A:AD,10,0) -> 47580426 | G21: =VLOOKUP(C21,'IPIA_termiņu pagrinājumiem'!A:AD,12,0) -> 39018523 | H21: =VLOOKUP(C21,'IPIA_termiņu pagrinājumiem'!A:AD,11,0) -> 31955140 | I21: =H21/F21 -> 0.67160265 | J21: =VLOOKUP(C21,'IPIA_termiņu pagrinājumiem'!A:AD,3,0) -> 42891 | K21: 44679 | L21: 45291 | M21: Kultūras ministrijas (KM) termiņa pagarinājuma pamatojums pēc būtības: "Projekta īstenošanas termiņa pagarinājums nepieciešams, lai veiksmīgi pabeigtu visu plānoto objektu būvniecību un nodošanu ekspluatācijā, attiecīgi nodrošinot projekta sākotnējā mērķa sasniegšanu."
A23: Finanšu ministrs | M23: J. Reirs
A24: Pelnis 25629163
A25: ints.pelnis@fm.gov.lv

Sheet IPIA_termiņu pagrinājumiem
A1: IPIA_termiņu pagrinājumiem
A3: Sagatavots: 14.01.2022
A5: Projekts Kods | B5: Projekts Nosaukums | C5: Projekts Līguma datums | D5: Projekts Sākuma datums | E5: Projekts Beigu datums | F5: Projekts Īstenošanas ilgums mēnešos | G5: Projekts Īstenošanas vietas | H5: Specifiskie atbalsta mērķi | I5: Finansējuma avots | J5: Kopā | L5: ERAF | N5: ESF | P5: KF | R5: JNI | T5: VB | V5: VBDP | X5: PB | Z5: Cits | AB5: Privatais
I6: Projekta finansējuma saņēmējs | J6: Projekta finansējums | K6: MP veiktie maksājumi (K) | L6: Projekta finansējums | M6: MP veiktie maksājumi (K) | N6: Projekta finansējums | O6: MP veiktie maksājumi (K) | P6: Projekta finansējums | Q6: MP veiktie maksājumi (K) | R6: Projekta finansējums | S6: MP veiktie maksājumi (K) | T6: Projekta finansējums | U6: MP veiktie maksājumi (K) | V6: Projekta finansējums | W6: MP veiktie maksājumi (K) | X6: Projekta finansējums | Y6: MP veiktie maksājumi (K) | Z6: Projekta finansējums | AA6: MP veiktie maksājumi (K) | AB6: Projekta finansējums | AC6: MP veiktie maksājumi (K)
A7: Kopā | J7: 3.7154784e+09 | K7: 2.1202013e+09 | L7: 1.6178653e+09 | M7: 9.3837467e+08 | N7: 6.4105617e+08 | O7: 3.9719786e+08 | P7: 5.2354671e+08 | Q7: 3.2473011e+08 | R7: 13823832 | S7: 13242834 | T7: 2.9313773e+08 | U7: 1.6189655e+08 | V7: 39228587 | W7: 26860646 | X7: 2.0415619e+08 | Y7: 82337683 | Z7: 3898904.4 | AA7: 2255498.1 | AB7: 3.7876495e+08 | AC7: 1.733054e+08
A8: 1.1.1.1/16/A/154 | B8: Tehnoloģiska mācību e-ekosistēma ar gadījumarakstura mijiedarbībām - TELECI | C8: 42793 | D8: 42795 | E8: 43890 | F8: 36 | G8: Kronvalda bulvāris 1, Rīga, LV-1010 | H8: 1.1.1 | I8: RĪGAS TEHNISKĀ UNIVERSITĀTE | J8: 647339.23 | K8: 666791.07 | L8: 550238.34 | M8: 588076.51 | T8: 48550.44 | U8: 51889.12 | Z8: 48550.45 | AA8: 26825.44
A9: 1.1.1.1/16/A/280 | B9: Energoietilpīga ražošanas procesa optimāla plānošana un tā elektroenerģijas patēriņa optimizācija atkarībā no tirgus cenas izmaiņām | C9: 42778 | D9: 42795 | E9: 43890 | F9: 36 | G9: Āzenes iela 12 k-1, Rīga, LV-1048; Kandavas iela 14G, Rīga, LV-1083; Lomonosova iela 1, Rīga, LV-1019 | H9: 1.1.1 | I9: SIA "ENERGOSERT" | J9: 841105.87 | K9: 645185.87 | L9: 599270.19 | M9: 511382 | AB9: 241835.68 | AC9: 133803.87
A10: 1.1.1.1/18/A/004 | B10: Ķīmiski modificēts mākslīgais zirnekļu zīds | C10: 43535 | D10: 43617 | E10: 44712 | F10: 36 | G10: Aizkraukles iela 21, Rīga, LV-1006 | H10: 1.1.1 | I10: Atvasināta publiska persona "Latvijas Organiskās sintēzes institūts" | J10: 549372.53 | K10: 310880.73 | L10: 317537.3 | M10: 181185.24 | T10: 190632.26 | U10: 108773.86 | AB10: 41202.97 | AC10: 20921.63
A11: 1.1.1.1/18/A/022 | B11: Crypthecodinium cohnii un Zymomonas mobilis sintrofija omega 3 taukskābju ražošanai no biodegvielas un cukura rūpniecības blakusproduktiem | C11: 43546 | D11: 43556 | E11: 44651 | F11: 36 | G11: Dzērbenes iela 27, Rīga, LV-1006; Jelgavas iela 1, Rīga, LV-1004 | H11: 1.1.1 | I11: LATVIJAS UNIVERSITĀTE | J11: 648000.02 | K11: 548136.34 | L11: 374544 | M11: 320044.53 | T11: 224856 | U11: 192137.47 | Z11: 6119.78 | AA11: 4506.28 | AB11: 42480.24 | AC11: 31448.06
A12: 1.1.1.1/18/A/023 | B12: Līmēšanas un impregnēšanas procesu izpēte jaunu liekti līmēto koksnes produktu ražošanas attīstībai | C12: 43543 | D12: 43556 | E12: 44651 | F12: 36 | G12: Cecīļu iela 12, Ieriķi, Drabešu pag., Cēsu nov., LV-4139; Dzērbenes iela 27, Rīga, LV-1006 | H12: 1.1.1 | I12: SIA "EKJU" | J12: 831482.62 | K12: 669840.04 | L12: 574494.88 | M12: 498132.09 | AB12: 256987.74 | AC12: 171707.95
A13: 1.1.1.1/18/A/026 | B13: Ribes ģints augu, Cecidophyopsis pumpurērču un upeņu reversijas vīrusa izpēte ilgtspējīgai Ribes ģints ogulāju rezistences selekcijai un audzēšanai | C13: 43550 | D13: 43525 | E13: 44620 | F13: 36 | G13: Graudu iela 1, Ceriņi, Krimūnu pag., Dobeles nov., LV-3701; Rātsupītes iela 1, Rīga, LV-1067 | H13: 1.1.1 | I13: Atvasināta publiska persona "Dārzkopības institūts" | J13: 519067.84 | K13: 458564.23 | L13: 300021.21 | M13: 270019.09 | T13: 180116.53 | U13: 162104.88 | Z13: 30398.22 | AA13: 20658.66 | AB13: 8531.88 | AC13: 5781.6
A14: 1.1.1.1/18/A/043 | B14: Inovatīvi risinājumi pavasara savvaļas ārstniecības un aromātisko augu audzēšanas tehnoloģijās un izmantošanā | C14: 43564 | D14: 43525 | E14: 44620 | F14: 36 | G14: Aizkraukles iela 21, Rīga, LV-1006; Izstādes iela 2, Priekuļi, Priekuļu pag., Cēsu nov., LV-4126; Lidlauks, Priekuļu pag., Cēsu nov., LV-4126 | H14: 1.1.1 | I14: Sabiedrība ar ierobežotu atbildību "FIELD AND FOREST" | J14: 792361.23 | K14: 567027.46 | L14: 570607.85 | M14: 408316.49 | AB14: 221753.38 | AC14: 158710.97
A15: 1.1.1.1/18/A/045 | B15: Dziļās mašīnmācīšanās modeļi un to dzīves cikla pārvaldības ietvars multimediju datu apstrādei ziņu aģentūrās | C15: 43544 | D15: 43556 | E15: 44651 | F15: 36 | G15: Marijas iela 2, Rīga, LV-1050; Raiņa bulvāris 29, Rīga, LV-1050 | H15: 1.1.1 | I15: Latvijas Universitātes Matemātikas un informātikas institūts | J15: 646847.47 | K15: 572062.79 | L15: 373877.84 | M15: 336490.06 | T15: 224456.07 | U15: 202010.46 | AB15: 48513.56 | AC15: 33562.27
A16: 1.1.1.1/18/A/053 | B16: Tradicionālu pultrūzijas procesu efektivitātes uzlabošana | C16: 43552 | D16: 43556 | E16: 44651 | F16: 36 | G16: Ķīpsalas iela 6A, Rīga, LV-1048; Ozoliņu iela 8, Siguļi, Carnikavas pag., Ādažu nov., LV-2163 | H16: 1.1.1 | I16: RĪGAS TEHNISKĀ UNIVERSITĀTE | J16: 639498 | K16: 567535.02 | L16: 369629.84 | M16: 332666.86 | T16: 221905.8 | U16: 199715.22 | Z16: 11149.21 | AA16: 8155.49 | AB16: 36813.15 | AC16: 26997.45
A17: 1.1.1.1/18/A/063 | B17: Nākošās paaudzes agregācijas inducētās emisijas luminogēni kā mākslīgās gaismas avoti | C17: 43552 | D17: 43617 | E17: 44712 | F17: 36 | G17: Aizkraukles iela 21, Rīga, LV-1006; Ķengaraga iela 8, Rīga, LV-1063 | H17: 1.1.1 | I17: Atvasināta publiska persona "Latvijas Organiskās sintēzes institūts" | J17: 731733.76 | K17: 406258.72 | L17: 475626.94 | M17: 282105.03 | AB17: 256106.82 | AC17: 124153.69
A18: 1.1.1.1/18/A/068 | B18: Efektīvu apvalkā pumpētu šķiedru optisko pastiprinātāju izstrāde telekomunikāciju sistēmām | C18: 43550 | D18: 43617 | E18: 44712 | F18: 36 | G18: Andrejostas iela 17, Rīga, LV-1045; Āzenes iela 12, Rīga, LV-1048; Ķengaraga iela 8, Rīga, LV-1063 | H18: 1.1.1 | I18: RĪGAS TEHNISKĀ UNIVERSITĀTE | J18: 648000 | K18: 569314.38 | L18: 374544 | M18: 335304.15 | T18: 224856 | U18: 201278.5 | Z18: 9524.49 | AA18: 6415.42 | AB18: 39075.51 | AC18: 26316.31
A19: 1.1.1.1/18/A/073 | B19: Viedie Metālu Oksīdu Nanopārklājumi un HIPIMS Tehnoloģijas | C19: 43539 | D19: 43525 | E19: 44620 | F19: 36 | G19: Krustpils iela 17 k-1, Rīga, LV-1073; Ķengaraga iela 5 - 8, Rīga, LV-1063 | H19: 1.1.1 | I19: Atvasināta publiska persona LATVIJAS UNIVERSITĀTES CIETVIELU FIZIKAS INSTITŪTS | J19: 648012.5 | K19: 579735.09 | L19: 374492.8 | M19: 337043.52 | T19: 224825.08 | U19: 202342.57 | Z19: 38955.68 | AA19: 32289.94 | AB19: 9738.94 | AC19: 8059.06
A20: 1.1.1.1/18/A/075 | B20: Videi draudzīga bezatlikumu tehnoloģija šķidrās biodegvielas un biogāzes ražošanai no biomasas | C20: 43558 | D20: 43586 | E20: 44681 | F20: 36 | G20: Visa Latvija | H20: 1.1.1 | I20: RĪGAS TEHNISKĀ UNIVERSITĀTE | J20: 636743.75 | K20: 483170.93 | L20: 368037.88 | M20: 285922.6 | T20: 220950.09 | U20: 171652.49 | Z20: 28315.78 | AA20: 15186.87 | AB20: 19440 | AC20: 10408.97
A21: 1.1.1.1/18/A/084 | B21: Ekstracelulārajās vezikulās ietvertā cilvēka un mikrobioma transkiptoma klīniskā nozīme | C21: 43525 | D21: 43556 | E21: 44651 | F21: 36 | G21: Rātsupītes iela 1 k-1, Rīga, LV-1067 | H21: 1.1.1 | I21: Atvasināta publiska persona "Latvijas Biomedicīnas pētījumu un studiju centrs" | J21: 648648 | K21: 534724.62 | L21: 374918.54 | M21: 315513.93 | T21: 225080.86 | U21: 189417.53 | Z21: 9729.45 | AA21: 5958.62 | AB21: 38919.15 | AC21: 23834.54
A22: 1.1.1.1/18/A/089 | B22: Molekulārie RNS faktori hipofīzes adenomas attīstībā | C22: 43525 | D22: 43556 | E22: 44651 | F22: 36 | G22: Rātsupītes iela 1 k-1, Rīga, LV-1067 | H22: 1.1.1 | I22: Atvasināta publiska persona "Latvijas Biomedicīnas pētījumu un studiju centrs" | J22: 648648 | K22: 462925.6 | L22: 374918.54 | M22: 272530.54 | T22: 225080.86 | U22: 163612.61 | Z22: 9729.45 | AA22: 5356.49 | AB22: 38919.15 | AC22: 21425.96
A23: 1.1.1.1/18/A/092 | B23: miRNS nozīme saimniekorganisma-zarnu mikrobioma mijiedarbībā metformīna terapijas kontekstā uz metabolisma traucējumu fona | C23: 43525 | D23: 43556 | E23: 44651 | F23: 36 | G23: Rātsupītes iela 1 k-1, Rīga, LV-1067 | H23: 1.1.1 | I23: Atvasināta publiska persona "Latvijas Biomedicīnas pētījumu un studiju centrs" | J23: 648648 | K23: 471908.37 | L23: 374918.54 | M23: 278427.52 | T23: 225080.86 | U23: 167152.85 | Z23: 9729.45 | AA23: 5265.6 | AB23: 38919.15 | AC23: 21062.4
A24: 1.1.1.1/18/A/096 | B24: Reto pārmantoto slimību izraisošo faktoru izpēte, izmantojot pilna genoma sekvencēšanas pieeju | C24: 43525 | D24: 43556 | E24: 44651 | F24: 36 | G24: Lidostas parks, Mārupes pag., Mārupes nov., LV-2167; Rātsupītes iela 1 k-1, Rīga, LV-1067 | H24: 1.1.1 | I24: Atvasināta publiska persona "Latvijas Biomedicīnas pētījumu un studiju centrs" | J24: 648648 | K24: 514168.93 | L24: 374918.54 | M24: 301743.76 | T24: 225080.86 | U24: 181150.64 | Z24: 9729.45 | AA24: 6254.9 | AB24: 38919.15 | AC24: 25019.63
A25: 1.1.1.1/18/A/097 | B25: Retu nezināmas izcelsmes neiromuskulāro slimību funkcionālā un ģenētiskā izpēte | C25: 43525 | D25: 43556 | E25: 44651 | F25: 36 | G25: Lidostas parks, Mārupes pag., Mārupes nov., LV-2167; Rātsupītes iela 1 k-1, Rīga, LV-1067 | H25: 1.1.1 | I25: Atvasināta publiska persona "Latvijas Biomedicīnas pētījumu un studiju centrs" | J25: 648648 | K25: 393958.36 | L25: 374918.54 | M25: 231168.84 | T25: 225080.86 | U25: 138781.3 | Z25: 9729.45 | AA25: 4801.65 | AB25: 38919.15 | AC25: 19206.57
A26: 1.1.1.1/18/A/099 | B26: Melanomas atjaunošanās bioloģija pēc mērķētas terapijas pielietošanas pret BRAF mutāciju | C26: 43525 | D26: 43525 | E26: 44620 | F26: 36 | G26: Rātsupītes iela 1 k-1, Rīga, LV-1067 | H26: 1.1.1 | I26: Atvasināta publiska persona "Latvijas Biomedicīnas pētījumu un studiju centrs" | J26: 648648 | K26: 539239.89 | L26: 374918.54 | M26: 317520.02 | T26: 225080.86 | U26: 190621.88 | Z26: 16216.2 | AA26: 10366 | AB26: 32432.4 | AC26: 20731.99
A27: 1.1.1.1/18/A/108 | B27: Skaitliskās modelēšanas pieeju izstrāde kompleksu multifizikālu mijiedarbības procesu izpētei elektromagnētiskajās šķidrā metāla tehnoloģijās | C27: 43556 | D27: 43647 | E27: 44742 | F27: 36 | G27: Ganību dambis 53, Rīga, LV-1005; Jelgavas iela 3, Rīga, LV-1004 | H27: 1.1.1 | I27: LATVIJAS UNIVERSITĀTE | J27: 599562.29 | K27: 604874.87 | L27: 346546.99 | M27: 357541.84 | T27: 208048.12 | U27: 214648.84 | Z27: 26969.06 | AA27: 19610.52 | AB27: 17998.12 | AC27: 13073.67
A28: 1.1.1.1/18/A/115 | B28: Jaunu Sensoru un vadības Algoritmu izstrāde Viedo pilsēttehnoloģiju ielu Apgaismojuma Sistēmām (SAVAS) | C28: 43564 | D28: 43647 | E28: 44742 | F28: 36 | G28: Āzenes iela 12 k-1, Rīga, LV-1048; Dzirnavu iela 105, Rīga, LV-1011; Pulka iela 3 k-9, Rīga, LV-1007 | H28: 1.1.1 | I28: RĪGAS TEHNISKĀ UNIVERSITĀTE | J28: 648468.02 | K28: 571855.46 | L28: 374814.52 | M28: 336457.14 | T28: 225018.4 | U28: 201990.7 | Z28: 28874.7 | AA28: 19821.86 | AB28: 19760.4 | AC28: 13585.76
A29: 1.1.1.1/18/A/120 | B29: Šķidro kristālu slēdžu elektro-optisko īpašību uzlabošana | C29: 43552 | D29: 43556 | E29: 44469 | F29: 30 | G29: Aizkraukles iela 21, Rīga, LV-1006; Ķengaraga iela 8, Rīga, LV-1063; Ventspils Augsto tehnoloģiju parks 2, Ventspils, LV-3602; Ziedleju iela 1, Mārupe, Mārupes pag., Mārupes nov., LV-2167 | H29: 1.1.1 | I29: SIA Lightspace Technologies | J29: 709567.81 | K29: 619890.9 | L29: 514507.62 | M29: 449482.88 | AB29: 195060.19 | AC29: 170408.02
A30: 1.1.1.1/18/A/132 | B30: Multimodāla attēlošanas tehnoloģija ādas jaunveidojumu in-vivo diagnostikai. | C30: 43536 | D30: 43586 | E30: 44681 | F30: 36 | G30: Jelgavas iela 3, Rīga, LV-1004 | H30: 1.1.1 | I30: LATVIJAS UNIVERSITĀTE | J30: 648189.53 | K30: 573214.76 | L30: 374653.54 | M30: 337188.19 | T30: 224921.77 | U30: 202429.59 | Z30: 16204.74 | AA30: 11198.99 | AB30: 32409.48 | AC30: 22397.99
A31: 1.1.1.1/18/A/133 | B31: Mobilās kosmosa vidē testēšanas iekārtas "Metamorphosis" prototipa izstrāde transportēšanai intermodālajā satiksmē | C31: 43567 | D31: 43586 | E31: 44681 | F31: 36 | G31: Andreja iela 7/9, Ventspils, LV-3601; Lauvas iela 8, Rīga, LV-1019; Paula Valdena iela 1, Rīga, LV-1048; Viedozoli, Ziru pag., Ventspils nov., LV-3624 | H31: 1.1.1 | I31: RĪGAS TEHNISKĀ UNIVERSITĀTE | J31: 646189.4 | K31: 675755.3 | L31: 373497.48 | M31: 401883.52 | T31: 224227.72 | U31: 241269.16 | Z31: 9063.08 | AA31: 6085.82 | AB31: 39401.12 | AC31: 26516.8
A32: 1.1.1.1/18/A/134 | B32: Lēmumu pieņemšanas atbalsta rīka izstrāde vēja bojājumu riska mazināšanai bērza un apses mežaudzēs | C32: 43559 | D32: 43556 | E32: 44651 | F32: 36 | G32: Visa Latvija | H32: 1.1.1 | I32: Atvasināta publiska persona "Latvijas Valsts mežzinātnes institūts "Silava"" | J32: 596363.63 | K32: 460040.98 | L32: 344698.17 | M32: 268314.72 | T32: 206938.19 | U32: 161081.7 | AB32: 44727.27 | AC32: 30644.56
A33: 1.1.1.1/18/A/138 | B33: Īpaši pielāgotu LED gaismekļu izstrāde efektīva un energoefektīva kokaugu pavairošanas un apsakņošanas procesa nodrošināšanai | C33: 43571 | D33: 43647 | E33: 44742 | F33: 36 | G33: Rīgas iela 111, Salaspils, Salaspils nov., LV-2169; Starta iela 1, Rīga, LV-1026 | H33: 1.1.1 | I33: SIA "VIZULO" | J33: 608565.38 | K33: 388079.03 | L33: 427943.18 | M33: 272897.18 | AB33: 180622.2 | AC33: 115181.85
A34: 1.1.1.1/18/A/139 | B34: Telpu un areāla daudzdimensiju skenēšanas sistēma (TADSS) | C34: 43620 | D34: 43617 | E34: 44530 | F34: 30 | G34: Balasta dambis 80A, Rīga, LV-1048 | H34: 1.1.1 | I34: SIA "DATI Group" | J34: 876428.71 | K34: 737498.04 | L34: 597563.98 | M34: 537807.58 | AB34: 278864.73 | AC34: 199690.46
A35: 1.1.1.1/18/A/146 | B35: IKT balstīta savvaļas dzīvnieku uzskaites pieeja to ilgtspējīgai pārvaldībai | C35: 43525 | D35: 43556 | E35: 44651 | F35: 36 | G35: Lidlauks, Priekuļu pag., Cēsu nov., LV-4126; Rīgas iela 111, Salaspils, Salaspils nov., LV-2169 | H35: 1.1.1 | I35: Nodibinājums "VIDES RISINĀJUMU INSTITŪTS" | J35: 750569.13 | K35: 595895.12 | L35: 539884.39 | M35: 433653.1 | AB35: 210684.74 | AC35: 162242.02
A36: 1.1.1.1/18/A/148 | B36: Daudzvalodu cilvēka-datora komunikācijas modelēšana, izmantojot mākslīgā intelekta metodes | C36: 43565 | D36: 43556 | E36: 44651 | F36: 36 | G36: Raiņa bulvāris 19, Rīga, LV-1050; Vienības gatve 75A, Rīga, LV-1004 | H36: 1.1.1 | I36: Sabiedrība ar ierobežotu atbildību "TILDE" | J36: 756694.09 | K36: 577534.55 | L36: 519319.15 | M36: 396361.96 | AB36: 237374.94 | AC36: 181172.59
A37: 1.1.1.1/18/A/149 | B37: Jauna tipa bezkontakta elektromagnētiskas vieglo sakausējumu degazācijas sistēmas izstrāde | C37: 43556 | D37: 43617 | E37: 44712 | F37: 36 | G37: Acone, Salaspils pag., Salaspils nov.; Miera iela 32, Salaspils, Salaspils nov., LV-2169 | H37: 1.1.1 | I37: LATVIJAS UNIVERSITĀTE | J37: 645180 | K37: 567308.75 | L37: 372914.04 | M37: 335622.64 | T37: 223877.46 | U37: 201489.71 | Z37: 9629.62 | AA37: 5999.02 | AB37: 38758.88 | AC37: 24197.38
A38: 1.1.1.1/18/A/151 | B38: Vērtībās balstītu prasmju attīstība cilvēkkapitāla kvalitātes paaugstināšanai | C38: 43585 | D38: 43570 | E38: 44665 | F38: 36 | G38: Lāčplēša iela 37, Rīga, LV-1011; Meža iela 3, Rīga, LV-1048; Ūdens iela 23, Rīga, LV-1007 | H38: 1.1.1 | I38: PS "Motival Development" | J38: 421162.68 | K38: 367571.57 | L38: 300836.5 | M38: 270752.85 | AB38: 120326.18 | AC38: 96818.72
A39: 1.1.1.1/18/A/153 | B39: Latviešu valodas runas atpazīšana un sintēze medicīnas lietojumiem | C39: 43544 | D39: 43556 | E39: 44651 | F39: 36 | G39: Hipokrāta iela 2, Rīga, LV-1079; Raiņa bulvāris 29, Rīga, LV-1050 | H39: 1.1.1 | I39: Latvijas Universitātes Matemātikas un informātikas institūts | J39: 648378.7 | K39: 555127.87 | L39: 374762.88 | M39: 329296.07 | T39: 224987.42 | U39: 197691.58 | Z39: 33980.97 | AA39: 19660.63 | AB39: 14647.43 | AC39: 8479.59
A40: 1.1.1.1/18/A/155 | B40: Uz čukstošās galerijas modas mikrorezonatora bāzes veidota optisko frekvenču ķemmes ģeneratora izstrāde un tā pielietojumi telekomunikacijās | C40: 43549 | D40: 43601 | E40: 44696 | F40: 36 | G40: Andrejostas iela 17, Rīga, LV-1045; Āzenes iela 12, Rīga, LV-1048; Jelgavas iela 3, Rīga, LV-1004 | H40: 1.1.1 | I40: LATVIJAS UNIVERSITĀTE | J40: 647978.88 | K40: 570489.21 | L40: 374531.79 | M40: 337078.61 | T40: 224848.68 | U40: 202363.81 | Z40: 9719.68 | AA40: 6209.36 | AB40: 38878.73 | AC40: 24837.43
A41: 1.1.1.1/18/A/165 | B41: Satelītdatos balstīta jauna mežaudzes krājas novērtēšanas tehnoloģija | C41: 43542 | D41: 43525 | E41: 44620 | F41: 36 | G41: Bruņinieku iela 66 - 2, Rīga, LV-1009; Dzērbenes iela 14, Rīga, LV-1006; Krustpils iela 78, Rīga, LV-1063 | H41: 1.1.1 | I41: Valsts zinātniskais institūts - atvasināta publiska persona "Elektronikas un datorzinātņu institūts" | J41: 498026.25 | K41: 445121.78 | L41: 287859.18 | M41: 259073.26 | T41: 172815.1 | U41: 155533.59 | Z41: 22445.72 | AA41: 18349.65 | AB41: 14906.25 | AC41: 12165.28
A42: 1.1.1.1/18/A/168 | B42: Sabiedriskā elektrotransporta salona ilgtspējīga apsildes risinājuma izstrāde. | C42: 43622 | D42: 43617 | E42: 44530 | F42: 30 | G42: Druvas iela 4B, Ogre, Ogres nov., LV-5001; Lielā iela 2, Jelgava, LV-3001; Šmerļa iela 3, Rīga, LV-1006 | H42: 1.1.1 | I42: LATVIJAS LAUKSAIMNIECĪBAS UNIVERSITĀTE | J42: 743486.53 | K42: 672629.23 | L42: 527503.69 | M42: 488560.64 | AB42: 215982.84 | AC42: 184068.59
A43: 1.1.1.1/18/A/176 | B43: Inovatīva sejas kosmētikas līdzekļa izstrāde, izmantojot Metāla Organiskos Ietvarus un/vai kokristālus aktīvās vielas izdales kontrolēšanai | C43: 43571 | D43: 43556 | E43: 44651 | F43: 36 | G43: Maskavas iela 127, Rīga, LV-1003 | H43: 1.1.1 | I43: "BaltLine Globe" SIA | J43: 572305.67 | K43: 503872.87 | L43: 440642.74 | M43: 396578.47 | AB43: 131662.93 | AC43: 107294.4
A44: 1.1.1.1/18/A/182 | B44: Inovatīvs zaļās ekstrakcijas process, izveidojot jaunu biorafinēšanas klāsteru, kas orientēts uz fitoķīmiskajām vielām un biomateriālu ražošanu no nepietiekami izmantotas koksnes biomasas | C44: 43556 | D44: 43617 | E44: 44712 | F44: 36 | G44: Dzērbenes iela 27, Rīga, LV-1006 | H44: 1.1.1 | I44: Atvasināta publiska persona "Latvijas Valsts koksnes ķīmijas institūts" | J44: 645000 | K44: 569953.78 | L44: 372810 | M44: 335368.86 | T44: 223815 | U44: 201337.37 | Z44: 33710.47 | AA44: 23184.62 | AB44: 14664.53 | AC44: 10062.93
A45: 1.1.1.1/18/A/184 | B45: H.pylori eradikācijas shēmas optimizācija masveida kuņģa vēža prevencijas pasākumiem | C45: 43559 | D45: 43556 | E45: 44651 | F45: 36 | G45: Andreja Pormaļa iela 125, Jēkabpils, Jēkabpils nov., LV-5201; Hipokrāta iela 4, Rīga, LV-1079; Rātsupītes iela 1 k-1, Rīga, LV-1067 | H45: 1.1.1 | I45: LATVIJAS UNIVERSITĀTE | J45: 648648 | K45: 574581.79 | L45: 374918.54 | M45: 337375.54 | T45: 225080.86 | U45: 202542.06 | Z45: 9716.2 | AA45: 6932.84 | AB45: 38932.4 | AC45: 27731.35
A46: 1.1.1.1/19/A/002 | B46: Jaunu adiabātisko dzesēšanas paneļu prototipa izstrāde dzesēšanas iekārtu ilgtspējas un energoefektivitātes nodrošināšanai | C46: 44071 | D46: 44075 | E46: 44985 | F46: 30 | G46: Ķīpsalas iela 6, Rīga, LV-1048; Skolas iela 18, Ogre, Ogres nov., LV-5001 | H46: 1.1.1 | I46: Sabiedrība ar ierobežotu atbildību "Blue energy global" | J46: 1012900.4 | K46: 385414.79 | L46: 598997.67 | M46: 252418.47 | AB46: 413902.69 | AC46: 132996.32
A47: 1.1.1.1/19/A/010 | B47: Granulēto biokurināmo mikroviļņu priekšapstrāde un jaunas tehnoloģijas izstrāde selektīvi aktivizētu kurināmo maisījumu degšanas procesu uzlabošanai ar efektīvu enerģijas ražošanas un emisiju sastāva kontroli. | C47: 43874 | D47: 43922 | E47: 44834 | F47: 30 | G47: Jelgavas iela 3, Rīga, LV-1004; Skolas iela 13 - 7, Salaspils, Salaspils nov., LV-2121 | H47: 1.1.1 | I47: LATVIJAS UNIVERSITĀTE | J47: 645000 | K47: 485271.02 | L47: 372810 | M47: 288100.45 | T47: 223815 | U47: 172959.97 | Z47: 8826.36 | AA47: 4422.47 | AB47: 39548.64 | AC47: 19788.13
A48: 1.1.1.1/19/A/013 | B48: Koncepcijas “enerģija no atkritumiem” inovācija zema oglekļa satura ekonomikai: jauna oglekļa uztveršanas tehnoloģija cieto sadzīves atkritumu termoķīmiskajai pārstrādei (oglekļa uztveršana un uzglabāšana no atkritumiem – CCSW) | C48: 44105 | D48: 44105 | E48: 45199 | F48: 36 | G48: Jelgavas iela 1, Rīga, LV-1004; Rātsupītes iela 7 k-3, Rīga, LV-1067; Vibsteri, Remtes pag., Saldus nov., LV-3871 | H48: 1.1.1 | I48: LATVIJAS UNIVERSITĀTE | J48: 646361.5 | K48: 193054.13 | L48: 373596.94 | M48: 115578.08 | T48: 224287.44 | U48: 69386.83 | Z48: 28181.36 | AA48: 4702.54 | AB48: 20295.76 | AC48: 3386.68
A49: 1.1.1.1/19/A/016 | B49: Jaunu efektīvu PARP inhibitoru izstrāde | C49: 43969 | D49: 44044 | E49: 45138 | F49: 36 | G49: Aizkraukles iela 21, Rīga, LV-1006 | H49: 1.1.1 | I49: Atvasināta publiska persona "Latvijas Organiskās sintēzes institūts" | J49: 499207.8 | K49: 75831.04 | L49: 324485.07 | M49: 49290.18 | AB49: 174722.73 | AC49: 26540.86
A50: 1.1.1.1/19/A/017 | B50: Jaunas koncepcijas izstrāde zema energopatēriņa ēku būvniecībai no ekoloģiskiem būvmateriāliem | C50: 43909 | D50: 43922 | E50: 45016 | F50: 36 | G50: Jelgavas iela 27, Kalnciems, Kalnciema pag., Jelgavas nov., LV-3016; Ķīpsalas iela 6, Rīga, LV-1048 | H50: 1.1.1 | I50: RĪGAS TEHNISKĀ UNIVERSITĀTE | J50: 645345.85 | K50: 470898.55 | L50: 373009.9 | M50: 279909.66 | T50: 223935 | U50: 168042.64 | Z50: 18571.93 | AA50: 8811.35 | AB50: 29829.02 | AC50: 14134.9
A51: 1.1.1.1/19/A/019 | B51: Selektīvu malārijas treonil-tRNS inhibitoru izveide | C51: 44055 | D51: 44105 | E51: 45199 | F51: 36 | G51: Aizkraukles iela 21, Rīga, LV-1006 | H51: 1.1.1 | I51: Atvasināta publiska persona "Latvijas Organiskās sintēzes institūts" | J51: 648646 | K51: 70462.1 | L51: 374917.38 | M51: 40727.09 | T51: 225080.16 | U51: 24450.36 | AB51: 48648.46 | AC51: 5284.65
A52: 1.1.1.1/19/A/020 | B52: Jauni materiāli optiska temperatūras sensora izveidei (OPTSEN) | C52: 44057 | D52: 44105 | E52: 45199 | F52: 36 | G52: Celtniecības iela 8A, Līvāni, Līvānu nov., LV-5316; Ķengaraga iela 8, Rīga, LV-1063 | H52: 1.1.1 | I52: Atvasināta publiska persona LATVIJAS UNIVERSITĀTES CIETVIELU FIZIKAS INSTITŪTS | J52: 299976 | K52: 159420.47 | L52: 173386.13 | M52: 94812.82 | T52: 104091.67 | U52: 56920.51 | Z52: 13498.92 | AA52: 4612.28 | AB52: 8999.28 | AC52: 3074.86
A53: 1.1.1.1/19/A/031 | B53: Risinājumu rīks optimālai projektēšanai viedo polimēru nano kompozītmateriālu struktūru izveidei izmantojot 3D printēšanu | C53: 43901 | D53: 44013 | E53: 45107 | F53: 36 | G53: Gustava Zemgala gatve 71A, Rīga, LV-1039; Jelgavas iela 3, Rīga, LV-1004; Rāmuļu iela 3, Rīga, LV-1005 | H53: 1.1.1 | I53: LATVIJAS UNIVERSITĀTE | J53: 645000 | K53: 370476.63 | L53: 372810 | M53: 221128.24 | T53: 223815 | U53: 132753.47 | Z53: 27067.59 | AA53: 9293.16 | AB53: 21307.41 | AC53: 7301.76
A54: 1.1.1.1/19/A/036 | B54: Sekretorā IgA un zarnu mikrobioma mijiedarbība un dinamika antidiabētiskās terapijas laikā | C54: 43886 | D54: 43952 | E54: 45046 | F54: 36 | G54: Rātsupītes iela 1 k-1, Rīga, LV-1067 | H54: 1.1.1 | I54: Atvasināta publiska persona "Latvijas Biomedicīnas pētījumu un studiju centrs" | J54: 648648 | K54: 148409.37 | L54: 374918.54 | M54: 87698.73 | T54: 225080.85 | U54: 52649.57 | Z54: 9729.71 | AA54: 1612.21 | AB54: 38918.9 | AC54: 6448.86
A55: 1.1.1.1/19/A/047 | B55: Lipīdu atkritumu ilgtspējīga valorizācija: mikroorganismu pielietošana bio-virsmaktīvo vielu ražošanā (Waste2Surf) | C55: 44057 | D55: 44105 | E55: 45199 | F55: 36 | G55: Dzērbenes iela 27, Rīga, LV-1006; Jelgavas iela 1, Rīga, LV-1004 | H55: 1.1.1 | I55: LATVIJAS UNIVERSITĀTE | J55: 647877 | K55: 231879.37 | L55: 374472.9 | M55: 137126.62 | T55: 224813.31 | U55: 82323.41 | Z55: 9671.61 | AA55: 2469.3 | AB55: 38919.18 | AC55: 9960.04
A56: 1.1.1.1/19/A/058 | B56: Jauna aditīvās ražošanas materiāla izstrāde un testēšana | C56: 43929 | D56: 43952 | E56: 44742 | F56: 26 | G56: Mūkusalas iela 15A, Rīga, LV-1004 | H56: 1.1.1 | I56: Metal3d SIA | J56: 470580.5 | K56: 320228.91 | L56: 329406.34 | M56: 231502.12 | AB56: 141174.16 | AC56: 88726.79
A57: 1.1.1.1/19/A/064 | B57: Siltumnīcefekta gāzu emisijas faktoru un lēmumu pieņemšanas atbalsta rīku izstrāde degradētu kūdrāju apsaimniekošanai pēc kūdras ieguves | C57: 43928 | D57: 43922 | E57: 45016 | F57: 36 | G57: Rīgas iela 111, Salaspils, Salaspils nov., LV-2169 | H57: 1.1.1 | I57: Atvasināta publiska persona "Latvijas Valsts mežzinātnes institūts "Silava"" | J57: 675370.69 | K57: 203677.28 | L57: 438990.94 | M57: 146605.24 | Z57: 236379.75 | AA57: 57072.04
A58: 1.1.1.1/19/A/070 | B58: Daudzslāņu volumetrisku displeja ekrānu optisko īpašību uzlabošana, izmantojot starpslāņu laminēšanu ar optiskajiem polimēriem | C58: 44082 | D58: 44075 | E58: 44804 | F58: 24 | G58: Ventspils Augsto tehnoloģiju parks 2, Ventspils, LV-3602; Ziedleju iela 1, Mārupe, Mārupes pag., Mārupes nov., LV-2167 | H58: 1.1.1 | I58: SIA Lightspace Technologies | J58: 791914.12 | K58: 252009.88 | L58: 586872.72 | M58: 186764.52 | AB58: 205041.4 | AC58: 65245.36
A59: 1.1.1.1/19/A/075 | B59: Biorafinēšanas pieeja efektīvu kosmētikas izejvielu ieguvei no ārstniecības augu pārstrādes un augu šūnu kultivēšanas procesu blakusproduktiem. | C59: 43964 | D59: 44013 | E59: 45107 | F59: 36 | G59: Izstādes iela 2, Priekuļi, Priekuļu pag., Cēsu nov., LV-4126; Lidlauks, Priekuļu pag., Cēsu nov., LV-4126; Podraga iela 2, Rīga, LV-1007 | H59: 1.1.1 | I59: Nodibinājums "VIDES RISINĀJUMU INSTITŪTS" | J59: 799801.16 | K59: 481213.88 | L59: 584177.01 | M59: 382487.76 | AB59: 215624.15 | AC59: 98726.12
A60: 1.1.1.1/19/A/076 | B60: IT atbalsta sistēmas prototips atgriezeniskās saites sniegšanai skolēnu snieguma uzlabošanai tekstpratības un rēķinpratības apguvei | C60: 44064 | D60: 44075 | E60: 45169 | F60: 36 | G60: Čuibes iela 17, Rīga, LV-1063; Raiņa bulvāris 19, Rīga, LV-1050; Zeļļu iela 23, Rīga, LV-1002 | H60: 1.1.1 | I60: LATVIJAS UNIVERSITĀTE | J60: 645893.75 | K60: 293881.3 | L60: 373326.58 | M60: 175524.84 | T60: 224125.13 | U60: 105375.65 | Z60: 16147.34 | AA60: 4326.93 | AB60: 32294.7 | AC60: 8653.88
A61: 1.1.1.1/19/A/077 | B61: Jaunas pieprasījuma-piedāvājuma vadības sistēmas un to nodrošinošo iekārtu izstrāde elektroenerģijas balancēšanai pārvades tīklu un pieslēguma līmenī | C61: 44021 | D61: 44013 | E61: 44681 | F61: 22 | G61: Dzirnavu iela 105, Rīga, LV-1011; Krišjāņa Barona iela 11 - 48, Rīga, LV-1050 | H61: 1.1.1 | I61: Sabiedrība ar ierobežotu atbildību "Tet" | J61: 541371.85 | K61: 223889.56 | L61: 328666.84 | M61: 148232.83 | AB61: 212705.01 | AC61: 75656.73
A62: 1.1.1.1/19/A/080 | B62: Elektromagnētiska tehnoloģija ar nano-daļiņām stiprināta vieglā sakausējuma kristalizēšanas procesam 3D drukas pielietojumam | C62: 43924 | D62: 44013 | E62: 45107 | F62: 36 | G62: Jelgavas iela 3, Rīga, LV-1004; Miera iela 32, Salaspils, Salaspils nov., LV-2169; Pulka iela 3, Rīga, LV-1007 | H62: 1.1.1 | I62: LATVIJAS UNIVERSITĀTE | J62: 645000 | K62: 395013.89 | L62: 372810 | M62: 236495.29 | T62: 223815 | U62: 141979.02 | Z62: 28817.43 | AA62: 9857.59 | AB62: 19557.57 | AC62: 6681.99
A63: 1.1.1.1/19/A/082 | B63: Mākslīgā intelekta asistents daudzvalodu sapulču pārvaldībai | C63: 44082 | D63: 44105 | E63: 45199 | F63: 36 | G63: Vienības gatve 75A, Rīga, LV-1004 | H63: 1.1.1 | I63: Sabiedrība ar ierobežotu atbildību "TILDE" | J63: 604434 | K63: 112595.65 | L63: 425783.82 | M63: 79312.38 | AB63: 178650.18 | AC63: 33283.27
A64: 1.1.1.1/19/A/083 | B64: Audu kultūru pielietojuma izpēte apdraudēto ārstniecības augu sugu komerciālai pavairošanai | C64: 43964 | D64: 44013 | E64: 45107 | F64: 36 | G64: Izstādes iela 2, Priekuļi, Priekuļu pag., Cēsu nov., LV-4126; Lidlauks, Priekuļu pag., Cēsu nov., LV-4126 | H64: 1.1.1 | I64: Nodibinājums "VIDES RISINĀJUMU INSTITŪTS" | J64: 733261.2 | K64: 454935.55 | L64: 531312.06 | M64: 364167.88 | AB64: 201949.14 | AC64: 90767.67
A65: 1.1.1.1/19/A/089 | B65: Bērza miza kā vērtīga, atjaunojama izejviela bez-formaldehīda skaidu plātņu un suberīnskābju poliolu iegūšanai poliuretānu izstrādei | C65: 44119 | D65: 44166 | E65: 45260 | F65: 36 | G65: Dzērbenes iela 27, Rīga, LV-1006; Mūkusalas iela 46, Rīga, LV-1004 | H65: 1.1.1 | I65: Atvasināta publiska persona "Latvijas Valsts koksnes ķīmijas institūts" | J65: 645545.06 | K65: 249358.95 | L65: 373125.04 | M65: 150920.26 | T65: 224004.12 | U65: 90604.38 | Z65: 28988.61 | AA65: 4690.14 | AB65: 19427.29 | AC65: 3144.17
A66: 1.1.1.1/19/A/092 | B66: Jaunas pārtikas kūpināšanas tehnoloģijas izstrāde policiklisko aromātisko ogļūdeņražu (benzpirēna) koncentrācijas samazināšanai kūpinātos gaļas produktos - “Blue smoke” | C66: 43967 | D66: 44013 | E66: 44926 | F66: 30 | G66: Rīgas iela 111, Salaspils, Salaspils nov., LV-2169; Sabiles iela 2, Kandava, Tukuma nov., LV-3120 | H66: 1.1.1 | I66: Sabiedrība ar ierobežotu atbildību "LINDA-1" | J66: 601081.51 | K66: 332160.6 | L66: 409035.96 | M66: 242141.47 | AB66: 192045.55 | AC66: 90019.13
A67: 1.1.1.1/19/A/097 | B67: Jauni no Zymomonas mobilis iegūti antimikrobiālie peptīdi pielietojumam ādas un mīksto audu infekciju terapijā | C67: 44064 | D67: 44105 | E67: 45199 | F67: 36 | G67: Jelgavas iela 1, Rīga, LV-1004; Podraga iela 2, Rīga, LV-1007 | H67: 1.1.1 | I67: LATVIJAS UNIVERSITĀTE | J67: 601160.42 | K67: 233386.12 | L67: 347470.72 | M67: 138439.41 | T67: 208602.67 | U67: 83111.54 | Z67: 9114.59 | AA67: 2398.59 | AB67: 35972.44 | AC67: 9436.58
A68: 1.1.1.1/19/A/102 | B68: Kompleksu risinājumu izstrāde un aprobācija starojuma kapilāro siltummaiņu optimālai iekļaušanai gandrīz nulles enerģijas ēku sistēmās un primārās enerģijas patēriņa apkurei un dzesēšanai samazināšanai | C68: 44116 | D68: 44136 | E68: 45230 | F68: 36 | G68: Brīvības iela 158 - 1, Rīga, LV-1012; Jelgavas iela 3, Rīga, LV-1004; Kandavas iela 2, Rīga, LV-1083; Rāmavas iela 19, Rāmava, Ķekavas pag., Ķekavas nov., LV-2111 | H68: 1.1.1 | I68: LATVIJAS UNIVERSITĀTE | J68: 648648 | K68: 218417.46 | L68: 374918.54 | M68: 131179.78 | T68: 225080.85 | U68: 78753.27 | Z68: 29189.17 | AA68: 5090.65 | AB68: 19459.44 | AC68: 3393.76
A69: 1.1.1.1/19/A/111 | B69: Lēmumu pieņemšanas atbalsta instruments meža ražības paaugstināšanai, nodrošinot efektīvu un klimatam piemērotu selekcijas efekta pārnesi | C69: 44054 | D69: 44075 | E69: 45169 | F69: 36 | G69: Rīgas iela 111, Salaspils, Salaspils nov., LV-2169 | H69: 1.1.1 | I69: Atvasināta publiska persona "Latvijas Valsts mežzinātnes institūts "Silava"" | J69: 603441.48 | K69: 192252.12 | L69: 362004.54 | M69: 117276.32 | AB69: 241436.94 | AC69: 74975.8
A70: 1.1.1.1/19/A/112 | B70: Inovatīvu Baltā vītola - daudzgadīgo zālaugu agromežsaimniecības sistēmu ierīkošana ar koksnes pelnu un mazāk pieprasīto kūdras frakciju maisījumiem ielabotās marginālās minerālaugsnēs. | C70: 44061 | D70: 44105 | E70: 45199 | F70: 36 | G70: Audzes, Kalsnavas pag., Madonas nov., LV-4860; Meža iela 2A, Salaspils, Salaspils nov., LV-2169; Rīgas iela 111, Salaspils, Salaspils nov., LV-2169 | H70: 1.1.1 | I70: Atvasināta publiska persona "Latvijas Valsts mežzinātnes institūts "Silava"" | J70: 328531.31 | K70: 92234.47 | L70: 212888.29 | M70: 67146.42 | AB70: 115643.02 | AC70: 25088.05
A71: 1.1.1.1/19/A/130 | B71: Lēmumu pieņemšanas atbalsta rīka izstrāde integrējot informāciju no vecām daļēji dabiskām mežaudzēm precīzākai oglekļa bilances novērtēšanai | C71: 43928 | D71: 43922 | E71: 45016 | F71: 36 | G71: Avotu iela 7A, Madona, Madonas nov., LV-4801; Rīgas iela 111, Salaspils, Salaspils nov., LV-2169 | H71: 1.1.1 | I71: Atvasināta publiska persona "Latvijas Valsts mežzinātnes institūts "Silava"" | J71: 599871.81 | K71: 327874.67 | L71: 346725.9 | M71: 192258.72 | T71: 208155.51 | U71: 115421.76 | AB71: 44990.4 | AC71: 20194.19
A72: 1.1.1.1/19/A/137 | B72: Grafēnā bāzēta elektroķīmiska sūknēšana radioaktīvā ūdeņraža izotopa atdalīšanai | C72: 43928 | D72: 43922 | E72: 45016 | F72: 36 | G72: Jelgavas iela 1, Rīga, LV-1004; Rāmuļu iela 3, Rīga, LV-1005 | H72: 1.1.1 | I72: LATVIJAS UNIVERSITĀTE | J72: 648647.68 | K72: 299426.83 | L72: 374918.35 | M72: 174959.63 | T72: 225080.74 | U72: 105036.33 | Z72: 10216.94 | AA72: 4093.43 | AB72: 38431.65 | AC72: 15337.44
A73: 1.1.1.1/19/A/138 | B73: No inovatīviem oglekļa nanocaurulīšu-topoloģisko izolatoru materiālu tīkliem veidotas lokanas termoelektriskās ierīces | C73: 43880 | D73: 43922 | E73: 45016 | F73: 36 | G73: Institūta iela 36 - 17, Ulbroka, Stopiņu pag., Ropažu nov., LV-2130; Jelgavas iela 1, Rīga, LV-1004 | H73: 1.1.1 | I73: LATVIJAS UNIVERSITĀTE | J73: 648459.37 | K73: 285310.13 | L73: 374809.51 | M73: 167600.48 | T73: 225015.4 | U73: 100618.26 | Z73: 9726.49 | AA73: 3418.28 | AB73: 38907.97 | AC73: 13673.11
A74: 1.1.1.1/19/A/139 | B74: Inovatīvu bez-saistvielas anodu elektrodu izveide litija jonu baterijām | C74: 43880 | D74: 43922 | E74: 45016 | F74: 36 | G74: Institūta iela 36 - 17, Ulbroka, Stopiņu pag., Ropažu nov., LV-2130; Jelgavas iela 1, Rīga, LV-1004 | H74: 1.1.1 | I74: LATVIJAS UNIVERSITĀTE | J74: 648422.11 | K74: 296219.29 | L74: 374787.97 | M74: 174729.82 | T74: 225002.47 | U74: 104898.35 | Z74: 9725.56 | AA74: 3318.22 | AB74: 38906.11 | AC74: 13272.9
A75: 1.1.1.1/19/A/141 | B75: Robotic Solutions - patiesa autonomija iekštelpu autonomiem robotiem | C75: 43962 | D75: 43983 | E75: 44712 | F75: 24 | G75: Braslas iela 22D, Rīga, LV-1035 | H75: 1.1.1 | I75: Sabiedrība ar ierobežotu atbildību "Robotic Solutions" | J75: 815366.67 | K75: 528321.17 | L75: 600000 | M75: 432734.41 | AB75: 215366.67 | AC75: 95586.76
A76: 1.1.1.1/19/A/143 | B76: FDM un SLS industriālās 3D printēšanas tehnoloģiju pielietojums lidaparātu iekšējās apdares detaļu sērijveida ražošanai | C76: 43976 | D76: 43922 | E76: 44834 | F76: 30 | G76: Braslas iela 22D, Rīga, LV-1035 | H76: 1.1.1 | I76: SIA "Baltic3d.EU" | J76: 783240 | K76: 463301.01 | L76: 594552 | M76: 375243.89 | AB76: 188688 | AC76: 88057.12
A77: 1.1.1.1/19/A/144 | B77: Tehnoloģiski pētījumi lai radītu nākamās paaudzes mazizmēra 100 keV bora jonu implantācijas iekārtu ar TRL līmeni tuvu pie 4 | C77: 43938 | D77: 43952 | E77: 45046 | F77: 36 | G77: Šķūņu iela 4, Rīga, LV-1050 | H77: 1.1.1 | I77: LATVIJAS UNIVERSITĀTE | J77: 648000 | K77: 375212.98 | L77: 374544 | M77: 220976.66 | T77: 224856 | U77: 132662.46 | Z77: 9720 | AA77: 4314.78 | AB77: 38880 | AC77: 17259.08
A78: 1.1.1.1/19/A/145 | B78: HENCO2: Mākoņdatu vidē balstīta IT platforma putnkopības produktivitātes uzlabošanai un siltumnīcefekta gāzu emisiju samazināšanai | C78: 44048 | D78: 43953 | E78: 44681 | F78: 22 | G78: Elizabetes iela 75, Rīga, LV-1050; Lielā iela 2, Jelgava, LV-3001 | H78: 1.1.1 | I78: WeAreDots, SIA | J78: 934958.56 | K78: 789553.54 | L78: 599705.52 | M78: 526020.07 | AB78: 335253.04 | AC78: 263533.47
A79: 1.1.1.1/19/A/146 | B79: Smiltsērkšķu veģetatīvās biomasas biorafinēšanas pārstrāde, izmantojot inovatīvas tehnoloģijas un visaptverošu analītisko izpēti, lai iegūtu Latvijas bioekonomikai perspektīvus produktus ar augstu pievienoto vērtību, ieskaitot serotonīnu | C79: 43875 | D79: 44013 | E79: 45107 | F79: 36 | G79: Dzērbenes iela 27, Rīga, LV-1006 | H79: 1.1.1 | I79: Atvasināta publiska persona "Latvijas Valsts koksnes ķīmijas institūts" | J79: 645000 | K79: 406644.4 | L79: 372810 | M79: 243286.46 | T79: 223815 | U79: 146056.07 | Z79: 27894.75 | AA79: 9965.88 | AB79: 20480.25 | AC79: 7335.99
A80: 1.1.1.1/19/A/147 | B80: Ātra un rentabla, uz mašīnmācīšanos balstīta sistēma mikroorganismu augšanas analīzei | C80: 43938 | D80: 44013 | E80: 45107 | F80: 36 | G80: Jelgavas iela 1, Rīga, LV-1004; Jelgavas iela 3, Rīga, LV-1004; Krīvu iela 11, Rīga, LV-1006; Sētas iela 1, Rīga, LV-1048 | H80: 1.1.1 | I80: LATVIJAS UNIVERSITĀTE | J80: 647881.72 | K80: 389632.65 | L80: 374475.63 | M80: 232486.76 | T80: 224814.95 | U80: 139572.49 | Z80: 9734.34 | AA80: 3514.68 | AB80: 38856.8 | AC80: 14058.72
A81: 1.1.1.1/19/A/148 | B81: Inovatīva un efektīva pārklājuma izstrāde magnija komponentiem | C81: 44145 | D81: 44105 | E81: 44834 | F81: 24 | G81: Krišjāņa Barona iela 3 - 1, Rīga, LV-1050 | H81: 1.1.1 | I81: AS SMW Group | J81: 555181 | K81: 202434.89 | L81: 388626.7 | M81: 159930.45 | AB81: 166554.3 | AC81: 42504.44
A82: 1.1.1.1/19/A/150 | B82: Mērogošanas pētījums mikrobioloģisko mēslošanas un augu aizsardzības līdzekļu ieguvei dziļuma un virsmas kultivācijas procesos | C82: 43959 | D82: 43952 | E82: 45046 | F82: 36 | G82: Dzērbenes iela 27, Rīga, LV-1006; Līvzemes iela 30, Salaspils, Salaspils nov., LV-2169 | H82: 1.1.1 | I82: Sabiedrība ar ierobežotu atbildību "BIOEFEKTS" | J82: 550845.96 | K82: 348173.48 | L82: 395423.96 | M82: 273611.56 | AB82: 155422 | AC82: 74561.92
A83: 1.1.1.1/20/A/009 | B83: Garķēžu acilkarnitīni kardiovaskulārajās saslimšanās: jauni zāļu mērķi un diagnostiskās iespējas | C83: 44252 | D83: 44197 | E83: 45260 | F83: 34 | G83: Aizkraukles iela 21, Rīga, LV-1006 | H83: 1.1.1 | I83: Atvasināta publiska persona "Latvijas Organiskās sintēzes institūts" | J83: 779219.02 | K83: 81617.77 | L83: 490907.98 | M83: 57504.12 | AB83: 288311.04 | AC83: 24113.65
A84: 1.1.1.1/20/A/016 | B84: Darbojošu objektu tipveida konstrukcijas tehniskā stāvokļa monitoringa sistēmas prototips, objekta tehniskā stāvokļa novērtēšanai to ekspluatācijas laikā. | C84: 44347 | D84: 44348 | E84: 45260 | F84: 30 | G84: Ķīpsalas iela 6B, Rīga, LV-1048; Ziemeļu iela 24, Lidosta "Rīga", Mārupes pag., Mārupes nov., LV-1053 | H84: 1.1.1 | I84: RĪGAS TEHNISKĀ UNIVERSITĀTE | J84: 540540 | K84: 149999.85 | L84: 444810.36 | M84: 133443.11 | T84: 55189.13 | U84: 16556.74 | Z84: 24324.01 | AB84: 16216.5
A85: 1.1.1.1/20/A/020 | B85: Lielo datu vadīta informācijas un komunikācijas tehnoloģiju drošības pārvaldības risinājuma izstrāde (BICTSeMS) | C85: 44216 | D85: 44197 | E85: 45107 | F85: 30 | G85: Čuibes iela 17, Rīga, LV-1063 | H85: 1.1.1 | I85: Sabiedrība ar ierobežotu atbildību "Izglītības sistēmas" | J85: 621003.95 | K85: 186737.81 | L85: 465752.95 | M85: 143634.46 | AB85: 155251 | AC85: 43103.35
A86: 1.1.1.1/20/A/021 | B86: Lielo datu vadīta Termodinamisko procesu monitoringa un pārvaldības risinājuma izstrāde datu centra gaisa dzesēšanas sistēmu Energopatēriņa samazināšanai un Optimālas darbības nodrošināšanai (bigTEO) | C86: 44342 | D86: 44317 | E86: 45229 | F86: 30 | G86: Čuibes iela 17, Rīga, LV-1063 | H86: 1.1.1 | I86: Sabiedrība ar ierobežotu atbildību "Izglītības sistēmas" | J86: 621590.98 | K86: 94230.57 | L86: 466131.07 | M86: 72241.99 | AB86: 155459.91 | AC86: 21988.58
A87: 1.1.1.1/20/A/027 | B87: Koksnes biorafinēšanas procesa inovatīva pilnveide veicot atlikumu konversiju nanoporainos oglekļa materiālos (BiReMa) | C87: 44336 | D87: 44348 | E87: 45260 | F87: 30 | G87: Dzērbenes iela 27, Rīga, LV-1006 | H87: 1.1.1 | I87: Atvasināta publiska persona "Latvijas Valsts koksnes ķīmijas institūts" | J87: 498653.74 | K87: 92278.45 | L87: 410342.16 | M87: 79951.68 | T87: 50912.54 | U87: 9919.88 | Z87: 37399.04 | AA87: 2406.89
A88: 1.1.1.1/20/A/028 | B88: Jaunu sensoru izstrāde un to pielietojumu izpēte satiksmes un gājēju plūsmas datu iegūšanai viedo pilsētu apgaismojuma un citu pilsētvides plānošanas risinājumu uzlabošanai | C88: 44281 | D88: 44287 | E88: 45199 | F88: 30 | G88: Pulka iela 3, Rīga, LV-1007 | H88: 1.1.1 | I88: SIA "Citintelly" | J88: 624338.85 | K88: 146968.16 | L88: 468254.13 | M88: 135217.37 | AB88: 156084.72 | AC88: 11750.79
A89: 1.1.1.1/20/A/035 | B89: Hibrīda-sensora izelpas analīze kolorektālā vēža skrīningam (HYCOR) | C89: 44361 | D89: 44378 | E89: 45260 | F89: 29 | G89: Gaiļezera iela 1, Rīga, LV-1079; Slimnīcas iela 25, Liepāja, LV-3414 | H89: 1.1.1 | I89: LATVIJAS UNIVERSITĀTE | J89: 540540 | K89: 27000 | L89: 444810.36 | M89: 24019.78 | T89: 55189.13 | U89: 2980.22 | AB89: 40540.51
A90: 1.1.1.1/20/A/038 | B90: Jaunas profilaktiskas acu muskulatūras vingrināšanas un nostiprināšanas ierīces EYE ROLL un tās pielietojamības metodoloģijas izstrāde un izpēte | C90: 44378 | D90: 44317 | E90: 45046 | F90: 23 | G90: Jelgavas iela 3, Rīga, LV-1004; Lomonosova iela 1 k-6, Rīga, LV-1019; Rūmenes iela 41, Kandava, Tukuma nov., LV-3120 | H90: 1.1.1 | I90: Sabiedrība ar ierobežotu atbildību "Eye roll" | J90: 437800.14 | K90: 73515.45 | L90: 319418.98 | M90: 62556.97 | AB90: 118381.16 | AC90: 10958.48
A91: 1.1.1.1/20/A/041 | B91: Tehnoloģiju izstrāde notekūdens dūņu pārstrādei sekundārās izejvielās | C91: 44271 | D91: 44228 | E91: 45260 | F91: 33 | G91: Paula Valdena iela 1, Rīga, LV-1048; Rūpnīcu iela 3, Olaine, Olaines nov., LV-2114 | H91: 1.1.1 | I91: RĪGAS TEHNISKĀ UNIVERSITĀTE | J91: 540540.54 | K91: 120872.48 | L91: 444810.81 | M91: 104419.9 | T91: 55189.18 | U91: 12955.73 | Z91: 7837.72 | AA91: 676.06 | AB91: 32702.83 | AC91: 2820.79
A92: 1.1.1.1/20/A/045 | B92: Mikrofluīdikas iekārtas izstrāde prostatas vēža sekretēto ekstracelulāro vezikulu kvantificēšanai un to RNS satura analīzei (PROCEX) | C92: 44376 | D92: 44317 | E92: 45260 | F92: 30 | G92: Ķengaraga iela 8, Rīga, LV-1063; Rātsupītes iela 1 k-1, Rīga, LV-1067 | H92: 1.1.1 | I92: Atvasināta publiska persona "Latvijas Biomedicīnas pētījumu un studiju centrs" | J92: 540540.54 | K92: 79316.48 | L92: 444810.81 | M92: 68666.86 | T92: 55189.18 | U92: 8519.73 | Z92: 6756.84 | AA92: 354.98 | AB92: 33783.71 | AC92: 1774.91
A93: 1.1.1.1/20/A/046 | B93: Tuberkulozes pilna genoma sekvenēšana lietošanai Latvijas klīnikā: dizains un koncepta izvērtēšana. | C93: 44216 | D93: 44197 | E93: 45260 | F93: 35 | G93: Rātsupītes iela 1 k-1, Rīga, LV-1067 | H93: 1.1.1 | I93: Atvasināta publiska persona "Latvijas Biomedicīnas pētījumu un studiju centrs" | J93: 540540.54 | K93: 199716.83 | L93: 444810.81 | M93: 169432.51 | T93: 55189.18 | U93: 21022.08 | Z93: 9459.48 | AA93: 2161.19 | AB93: 31081.07 | AC93: 7101.05
A94: 1.1.1.1/20/A/047 | B94: DECIDE – Dinamiskās informētās piekrišanas sistēmas izveide biobankas un sabiedrības zinātnisko aktivitāšu datu pārvaldībai, kvalitātes kontrolei un integrācijai | C94: 44244 | D94: 44256 | E94: 45260 | F94: 33 | G94: Elijas iela 17, Rīga, LV-1050; Rātsupītes iela 1 k-1, Rīga, LV-1067 | H94: 1.1.1 | I94: Atvasināta publiska persona "Latvijas Biomedicīnas pētījumu un studiju centrs" | J94: 540540.54 | K94: 191773.28 | L94: 444810.81 | M94: 164456.02 | T94: 55189.18 | U94: 20404.62 | Z94: 6882.52 | AA94: 1170.54 | AB94: 33658.03 | AC94: 5742.1
A95: 1.1.1.1/20/A/048 | B95: Konservatīva borēliju proteīna kā vakcīnas mērķu pielietojums | C95: 44244 | D95: 44256 | E95: 45260 | F95: 33 | G95: Dzērbenes iela 27, Rīga, LV-1006; Rātsupītes iela 1 k-1, Rīga, LV-1067 | H95: 1.1.1 | I95: Atvasināta publiska persona "Latvijas Biomedicīnas pētījumu un studiju centrs" | J95: 540540.54 | K95: 91022.32 | L95: 444810.81 | M95: 78985.09 | T95: 55189.18 | U95: 9799.95 | Z95: 8108.12 | AA95: 447.46 | AB95: 32432.43 | AC95: 1789.82
A96: 1.1.1.1/20/A/053 | B96: IWiRoM: Jauna tipa intelektiskas ziemas ceļu uzturēšanas atbalsta informācijas sistēmas un tai pielāgota ERP integrācijas risinājuma izstrāde uzturēšanas procesu efektivitātes paaugstināšanai | C96: 44214 | D96: 44197 | E96: 45107 | F96: 30 | G96: Elizabetes iela 41/43, Rīga, LV-1010 | H96: 1.1.1 | I96: Sabiedrība ar ierobežotu atbildību "ZZ Dats" | J96: 666625.37 | K96: 266923.42 | L96: 476570.47 | M96: 211768.88 | AB96: 190054.9 | AC96: 55154.54
A97: 1.1.1.1/20/A/057 | B97: Funkcionālas Platzonas Gallija Oksīda un Cinka Gallāta Plānas Kārtiņas un Jaunas Uzklāšanas Tehnoloģijas | C97: 44216 | D97: 44197 | E97: 45107 | F97: 30 | G97: Ķengaraga iela 8, Rīga, LV-1063; Starta iela 4A, Rīga, LV-1026; Šmerļa iela 3, Rīga, LV-1006 | H97: 1.1.1 | I97: Atvasināta publiska persona LATVIJAS UNIVERSITĀTES CIETVIELU FIZIKAS INSTITŪTS | J97: 537004.6 | K97: 282963.96 | L97: 441901.08 | M97: 242372.08 | T97: 54828.16 | U97: 30071.95 | Z97: 24165.21 | AA97: 6311.96 | AB97: 16110.15 | AC97: 4207.97
A98: 1.1.1.1/20/A/060 | B98: Funkcionālas tintes drukāšana bezvadu enerģijas sistēmām | C98: 44246 | D98: 44287 | E98: 45199 | F98: 30 | G98: Ķengaraga iela 8, Rīga, LV-1063; Šmerļa iela 3, Rīga, LV-1006 | H98: 1.1.1 | I98: Atvasināta publiska persona LATVIJAS UNIVERSITĀTES CIETVIELU FIZIKAS INSTITŪTS | J98: 539594.38 | K98: 154632.5 | L98: 444032.21 | M98: 133353.96 | T98: 55092.58 | U98: 16545.69 | Z98: 23205.27 | AA98: 2713.5 | AB98: 17264.32 | AC98: 2019.35
A99: 1.1.1.1/20/A/063 | B99: Attālināti strādājošo IT sistēmu lietotāju efektivitātes un uzvedības analīze izmantojot AI/ML | C99: 44259 | D99: 44317 | E99: 45230 | F99: 30 | G99: Tallinas iela 51A - 1, Rīga, LV-1012 | H99: 1.1.1 | I99: Sabiedrība ar ierobežotu atbildību "ABC software" | J99: 482146 | K99: 148595.72 | L99: 342676.1 | M99: 120672.9 | AB99: 139469.9 | AC99: 27922.82
A100: 1.1.1.1/20/A/068 | B100: Elektrovilciena elektroaprīkojuma komplekta izstrāde ar uzlabotām īpašībām | C100: 44386 | D100: 44197 | E100: 45107 | F100: 24 | G100: Ganību dambis 53, Rīga, LV-1005 | H100: 1.1.1 | I100: Akciju sabiedrība "RĪGAS ELEKTROMAŠĪNBŪVES RŪPNĪCA" | J100: 819732.43 | K100: 127263.1 | L100: 456454.2 | M100: 94563.14 | AB100: 363278.23 | AC100: 32699.96
A101: 1.1.1.1/20/A/070 | B101: Nākamās paaudzes tehnoloģijas izstrāde augstas tīrības kristālu audzēšanā, izmantojot MHD pseido levitāciju | C101: 44273 | D101: 44287 | E101: 45260 | F101: 32 | G101: Andreja iela 7/9, Ventspils, LV-3601; Šķūņu iela 4, Rīga, LV-1050; Šmerļa iela 3, Rīga, LV-1006 | H101: 1.1.1 | I101: LATVIJAS UNIVERSITĀTE | J101: 540500 | K101: 166209.32 | L101: 444777.44 | M101: 143621.72 | T101: 55185.06 | U101: 17819.63 | AB101: 40537.5 | AC101: 4767.97
A102: 1.1.1.1/20/A/071 | B102: Augstas īpatnējās virsmas bērza tāss betulīna daļiņu iegūšanas, ražošanas un pielietojuma izpēte dispersās sistēmās | C102: 44230 | D102: 44197 | E102: 45260 | F102: 35 | G102: Dzērbenes iela 27, Rīga, LV-1006; Pāvila iela 22, Cēsis, Cēsu nov., LV-4101 | H102: 1.1.1 | I102: Atvasināta publiska persona "Latvijas Valsts koksnes ķīmijas institūts" | J102: 704158.17 | K102: 196171.16 | L102: 499979.58 | M102: 170563.77 | AB102: 204178.59 | AC102: 25607.39
...
